 Dungeon Crawl Stone Soup version 0.32-a0-893-gf85d74f360 (webtiles) character file.

Game seed: 11589472805399685543

452822 Ruich the Slayer (level 24, -3/250 HPs)
             Began as a Djinni Alchemist on Apr 3, 2024.
             Was the Champion of Jiyva.
             Slain by a purple draconian
             ... wielding a +0 dire flail
             ... led by a purple draconian shifter
              (10 damage)
             ... on level 3 of the Realm of Zot on Apr 4, 2024.
             The game lasted 04:36:08 (45270 turns).

Ruich the Slayer (Djinni Alchemist)                Turns: 45270, Time: 04:36:09

Health: -3/250     AC: 30    Str: 25    XL:     24   Next: 97%
Gold:   626        EV: 26    Int: 29    God:    Jiyva [******] SH: 16 Dex: 20

rFire   + + +        W - +6 sling of Caataw {flame, Will+ SInv}
rCold   + . .        d - +2 kite shield
rNeg    + . .        y - melded +0 troll leather armour
rPois   ∞            (helmet restricted)
rElec   +            A - +2 cloak
rCorr   +            s - melded +2 pair of gloves {infuse}
SInv    +            (boots unavailable)
Will    +++..        R - amulet "Bygan" {Faith ^Fragile rC++ Str+9}
Stlth   ++++         q - ring of wizardry
HPRegen 2.21/turn    S - ring "Fuoc" {^Contam EV+5 Int+7}
MPRegen 0.00/turn

%: clarity, faith, wizardry (x1), infuse magic (-4 HP)
@: statue-form, flying, studying Fighting, very slow
A: slow and powerful, torment resistance 1, flying, boosted hp, sickness
immunity, fire resistance 3, cold vulnerability 1, float, innate caster, HP
casting, extra vitality 1, antennae 2, claws 1, agile 1, clarity, dopey 1,
mutation resistance 2, sense surroundings 1, (shaggy fur 1), strong 2, acidic
bite, translucent skin 1, jelly absorbing missiles, engulf, noise suppression
}: 3/15 runes: decaying, serpentine, slimy
a: Begin Untransformation, Renounce Religion, Oozemancy, Slimify


You were on level 3 of the Realm of Zot.
You worshipped Jiyva.
Jiyva was exalted by your worship.
You were a living statue of rough stone.
You visited 10 branches of the dungeon, and saw 49 of its levels.
You also visited: Ice Cave and Wizlab.

You collected 3798 gold pieces.
You spent 3172 gold pieces at shops.


Innate Abilities, Weirdness & Mutations

You are a living statue of rough stone.
Your actions are slow, but your melee attacks are powerful.
You are resistant to unholy torment.
You are flying.
Your maximum health is greatly increased.
Your equipment is partially melded.
You are immune to sickness and miasma.
You are immune to poison.
Your flesh is almost immune to the effects of heat. (rF+++)
You are vulnerable to cold. (rC-)
You float through the air rather than walking.
You learn spells naturally, not from books.
Your magical power is your life essence.
You have superior vitality. (+4 MHP)
You have a pair of antennae on your head.
You have sharp fingernails.
You are agile. (Dex +4, Str/Int -1)
You possess an exceptional clarity of mind.
You are dopey. (Int -2)
You are somewhat resistant to both further mutation and mutation removal.
You passively map a small area around you.
((You are covered in fur. (AC +1)))
Your muscles are very strong. (Str +8, Int/Dex -2)
You have acidic saliva.
Your translucent skin slightly reduces your foes' accuracy. (Stealth+)
You have a small jelly attached to you that may absorb projectiles.
Your melee attacks may engulf your foes in ooze.
You passively dampen the noise of your surroundings.


   Skills:
 + Level 21.9 Fighting
 - Level 15.0 Dodging
 - Level 5.0 Stealth
 * Level 13.8 Shields
 + Level 19.7 Spellcasting
 + Level 19.7 Conjurations
 + Level 19.7 Hexes
   Level 0.0 Charms
 + Level 19.7 Summonings
 + Level 19.7 Necromancy
 + Level 19.7 Translocations
   Level 0.0 Transmutations
 + Level 19.7 Fire Magic
 + Level 19.7 Ice Magic
 + Level 19.7 Air Magic
 + Level 19.7 Earth Magic
 + Level 19.7 Alchemy
 - Level 5.0 Evocations
 - Level 16.0 Shapeshifting


You knew the following spells:

 Your Spells              Type           Power      Damage    Failure   Level
a - Curse of Agony        Necr           97%        N/A       0%          5
b - Bombard               Conj/Erth      48%        9d8       1%          6
c - Mephitic Cloud        Conj/Alch/Air  97%        N/A       0%          3
e - Dispersal             Tloc           48%        N/A       1%          6
f - Foxfire               Conj/Fire      100%       2x1d9     0%          1
h - Summon Hydra          Summ           48%        N/A       1%          7
i - Swiftness             Air            97%        N/A       0%          3
l - Lehudib's Crystal Sp  Conj/Erth      48%        10d12     1%          8
m - Mercury Vapours       Alch/Air       100%       N/A       0%          2
o - Olgreb's Toxic Radia  Alch           97%        N/A       0%          4
p - Petrify               Alch/Erth      97%        N/A       0%          4
v - Yara's Violent Unrav  Hex/Alch       48%        3d19      0%          5
y - Sticky Flame          Fire/Alch      97%        2d14      0%          4
z - Sting                 Conj/Alch      100%       1d9       0%          1
B - Blink                 Tloc           100%       N/A       0%          2
D - Discord               Hex            48%        N/A       1%          8
Your spell library was empty.

Inventory:

Hand Weapons
 E - the +6 sling of Compassion {freeze, rF+ Will+ rCorr Stlth-}
   (You found it in an ice cave)

   rF+:       It protects you from fire.
   Will+:     It increases your willpower.
   rCorr:     It protects you from acid and corrosion.
   Stlth-:    It makes you less stealthy.
 W - the +6 sling of Caataw (weapon) {flame, Will+ SInv}
   (You found it on level 3 of the Swamp)

   Will+:     It increases your willpower.
   SInv:      It lets you see invisible.
Armour
 d - a +2 kite shield (worn)
 s - a +2 pair of gloves of infusion (melded)
 t - the +3 ring mail of Rasymufa {rC++}
   (You found it on level 8 of the Dungeon)

   rC++:      It greatly protects you from cold.
 y - a +0 troll leather armour (melded)
 A - a +2 cloak (worn)
 O - a +1 robe of willpower
 X - a +2 robe of cold resistance
Magical Staves
 K - a staff of earth {!a}
 Y - a staff of conjuration {!a}
Jewellery
 c - the amulet of Elyvilon, Gazing {Faith Regen+ Dex+3}
   (You took it off a deep elf death mage on level 3 of the Elven Halls)

   [amulet of faith]

   Faith:     It allows you to gain divine favour quickly.
   Dex+3:     It affects your dexterity (+3).
   Regen+:    It increases your rate of health regeneration.
 k - an amulet of the acrobat
 l - a ring of wizardry
 n - the ring of Hefon {rF+ rCorr Str+5 Int+3}
   (You found it on level 1 of the Depths)

   [ring of protection from fire]

   Str+5:     It affects your strength (+5).
   Int+3:     It affects your intelligence (+3).
   rF+:       It protects you from fire.
   rCorr:     It protects you from acid and corrosion.
 p - the ring "Vinienomif" {rN+ rCorr Int+3}
   (You found it on level 2 of the Depths)

   [ring of resist corrosion]

   Int+3:     It affects your intelligence (+3).
   rN+:       It protects you from negative energy.
   rCorr:     It protects you from acid and corrosion.
 q - a ring of wizardry (left claw)
 x - a +6 ring of strength
 I - a ring of willpower
 L - the brooch of Shielding {Spirit SH+8}
   (You took it off an ironbound thunderhulk on level 1 of the Vaults)

   [amulet of guardian spirit]

   Spirit:    It causes incoming damage to be divided between your reserves of
   health and magic.
   SH+8:      It affects your SH (+8).
 R - the amulet "Bygan" (around neck) {Faith ^Fragile rC++ Str+9}
   (You found it on level 5 of the Pits of Slime)

   [amulet of faith]

   Faith:     It allows you to gain divine favour quickly.
   Str+9:     It affects your strength (+9).
   rC++:      It greatly protects you from cold.
   ^Fragile:  It will be destroyed if unequipped.
 S - the ring "Fuoc" (right claw) {^Contam EV+5 Int+7}
   (You found it on level 5 of the Pits of Slime)

   [ring of evasion]

   EV+5:      It affects your evasion (+5).
   Int+7:     It affects your intelligence (+7).
   ^Contam:   It causes magical contamination when unequipped.
 U - a +5 ring of evasion
Talismans
 C - the granite talisman "Pimmuwemm" (active) {Int+2 Dex+2}
   (You found it on level 1 of the Elven Halls)

   [granite talisman]

   Int+2:     It affects your intelligence (+2).
   Dex+2:     It affects your dexterity (+2).
Wands
 o - a wand of digging (11)
 r - a wand of quicksilver (9)
 v - a wand of mindburst (37)
 B - a wand of iceblast (22)
 V - a wand of polymorph (14)
Scrolls
 f - 11 scrolls of teleportation {@r2}
 h - 4 scrolls of vulnerability
 m - 2 scrolls of revelation
 z - 6 scrolls of fog
 D - a scroll of enchant weapon
 F - 4 scrolls of noise
 H - 2 scrolls of poison
 M - a scroll of torment
 T - a scroll of fear
 Z - 2 scrolls of immolation
Potions
 e - a potion of invisibility
 g - 10 potions of curing {@q1}
 i - 5 potions of ambrosia
 j - 17 potions of mutation
 u - 2 potions of cancellation
 w - 5 potions of attraction
 J - 2 potions of resistance
 N - 6 potions of enlightenment
 Q - a potion of haste {@q3}
Miscellaneous
 a - a sack of spiders
 G - a lightning rod (4/4)
 P - a tin of tremorstones (2/2)

Dungeon Overview and Level Annotations

Branches:
Dungeon (15/15) Zot: 24906  Temple (0/1) D:4            Lair (5/5) D:11 Zot: 24219
  Swamp (4/4) Lair:2 Zot: 19768   Snake (4/4) Lair:3 Zot: 19351   Slime (5/5) Lair:5 Zot: 26266
    Orc (2/2) D:12 Zot: 10729     Elf (3/3) Orc:2 Zot: 13756  Vaults (4/5) D:13 Zot: 17876
  Crypt (0/3) Vaults:3     Depths (4/4) D:15 Zot: 17282     Zot (3/5) Depths:4 Zot: 14762
  IceCv (visited)          WizLab (visited)

Altars:
Ashenzari
Cheibriados
Dithmenos
Elyvilon
Fedhas
Gozag
Makhleb
Nemelex Xobeh
Yredelemnul
Jiyva

Shops:
D:4 *   D:9 (   D:12 [*   Orc:2 !*(?!   Snake:1 ?**   Snake:4 (:=[   Vaults:3 !
Vaults:4 (

Portals:
Hell: Lair:5 Depths:1 Depths:2 Depths:3 Depths:4
Abyss: Depths:2 Depths:3
Pandemonium: Depths:2 Depths:4
Ziggurat: Depths:4

Annotations:
D:13 2 transporters, exclusion: orange crystal statue, Dehoisae's ghost, journeyman CoHu; Winlehek's ghost, journeyman HOFi
D:15 !Azrael
Slime:5 Royal Jelly
Elf:2 3 runed translucent doors
Depths:1 3 runed translucent doors, 2 transporters, Wyithres's ghost, adept MiFi
Depths:2 1 transporter
Zot:2 exclusion: downstairs

,**,,##.d..###...###...***,,,**,,
,,,,,,##..###...###.y.#**,,,***,,
,,*,*,,#..##...###...#**,,,***,,,
,**,*,,#q.#.d.#*#...#**,,,***,,,*
,,,_,,,#....{###...#**,,,***,,,**
,**,*,*#....#d#...#**,,,***,,,**
,,,,,,#...####§d.#**,,,***,,,**
*,,,**#..##*#.§d## **,***,,,**
*****...#......#I#* ****,,,**
,,,,...##.....###.#* **,,,**
,,,...#*######**,..#**,,,**
*,,.##*********,,.#.#,,,**
,,,,,,,,,,,,,,,,,###..,**
,,,,,,,,,,,,,,,,***,..#*
,***********,,****,,,##
,***********,,***,,,**
,,,,,,,,,,,,,,,,,,,**


You could see a black draconian (very poisoned, slow) and 2 draconians.


Message History

Casting: Yara's Violent Unravelling (safe; 0% risk of failure)
Confirm with . or Enter, or press ? or * to list all spells.
Casting: Dispersal (safe; 1% risk of failure)
Press: ? - help, Dir - look around, f - activate The golden dragon blinks!
The purple draconian blinks!
* * * LOW HITPOINT WARNING * * *
Unknown command.
You feel much better.
The purple draconian shifter looks more healthy.
You block the purple draconian's attack.
You block the red draconian scorcher's attack.
* * * LOW HITPOINT WARNING * * *
The golden dragon completely misses you.
The golden dragon claws you but does no damage.
The golden dragon tramples you.
* * * LOW HITPOINT WARNING * * *
You hold your ground!
Unknown command.
Casting: Dispersal (safe; 1% risk of failure)
Confirm with . or Enter, or press ? or * to list all spells.
Casting: Dispersal (safe; 1% risk of failure)
Press: ? - help, Dir - look around, f - activate The golden dragon blinks!
The purple draconian blinks!
The red draconian scorcher disappears!
The purple draconian blinks!
* * * LOW HITPOINT WARNING * * *
x2 The purple draconian misses you. x3
Unknown command.
Unknown command.
You die...
Jiyva sends a jelly to digest your equipment.

Skill      XL: |  1  2  3  4  5  6  7  8  9 10 11 12 13 14 15 16 17 18 19 20 21 22 23 24 |
---------------+-------------------------------------------------------------------------+-----
Fighting       | 1 2 3 4 5 7 8 10 11 12 13 14 15 17 18 19 20 21 | 21.9
Spellcasting   | 4 5 6 7 9 10 11 12 14 15 16 17 18 19 | 19.7
Conjurations   | 4 5 6 7 9 10 11 12 14 15 16 17 18 19 | 19.7
Hexes          | 4 5 6 7 9 10 11 12 14 15 16 17 18 19 | 19.7
Summonings     | 4 5 6 7 9 10 11 12 14 15 16 17 18 19 | 19.7
Necromancy     | 4 5 6 7 9 10 11 12 14 15 16 17 18 19 | 19.7
Translocations | 4 5 6 7 9 10 11 12 14 15 16 17 18 19 | 19.7
Fire Magic     | 4 5 6 7 9 10 11 12 14 15 16 17 18 19 | 19.7
Ice Magic      | 4 5 6 7 9 10 11 12 14 15 16 17 18 19 | 19.7
Air Magic      | 4 5 6 7 9 10 11 12 14 15 16 17 18 19 | 19.7
Earth Magic    | 4 5 6 7 9 10 11 12 14 15 16 17 18 19 | 19.7
Alchemy        | 4 5 6 7 9 10 11 12 14 15 16 17 18 19 | 19.7
Dodging        | 5 7 9 10 11 13 14 15 | 15.0
Stealth        | 2 5 |  5.0
Evocations     | 3 5 |  5.0
Shields        | 4 5 7 10 12 13 | 13.8
Shapeshifting  | 6 11 15 16 | 16.0

Action                     |  1- 3 |  4- 6 |  7- 9 | 10-12 | 13-15 | 16-18 | 19-21 | 22-24 || total
---------------------------+-------+-------+-------+-------+-------+-------+-------+-------++-------
  Melee: Unarmed           |     1 |       |       |       |     5 |       |       |       ||     6
         Dagger            |       |       |    13 |       |       |       |       |       ||    13
         Whip              |       |       |     3 |    14 |     1 |       |       |       ||    18
   Fire: Sling             |       |       |       |       |     9 |    53 |     9 |     6 ||    77
   Cast: Sting             |    59 |     4 |    30 |    19 |       |       |       |       ||   112
         Mercury Vapours   |    14 |     2 |       |       |     3 |       |       |       ||    19
         Foxfire           |       |    15 |    11 |     8 |    19 |    10 |       |       ||    63
         Sticky Flame      |       |     1 |    34 |   114 |   164 |    82 |       |     3 ||   398
         Olgreb's Toxic Ra |       |       |    41 |    92 |   185 |    49 |    41 |    35 ||   443
         Blink             |       |       |       |     1 |     8 |     2 |     2 |     3 ||    16
         Curse of Agony    |       |       |       |     1 |     1 |       |       |       ||     2
         Petrify           |       |       |       |       |    76 |   119 |    64 |    13 ||   272
         Yara's Violent Un |       |       |       |       |    76 |   100 |    79 |    58 ||   313
         Mephitic Cloud    |       |       |       |       |    13 |     5 |     1 |       ||    19
         Dispersal         |       |       |       |       |     8 |     7 |     4 |     4 ||    23
         Summon Hydra      |       |       |       |       |       |   277 |   317 |   283 ||   877
         Bombard           |       |       |       |       |       |       |   100 |    52 ||   152
         Discord           |       |       |       |       |       |       |     5 |     1 ||     6
         Lehudib's Crystal |       |       |       |       |       |       |       |   232 ||   232
 Invoke: Slimify           |       |       |       |       |       |       |       |     1 ||     1
         Oozemancy         |       |       |       |       |       |       |       |     1 ||     1
  Evoke: Wand              |       |       |       |       |     5 |       |       |     1 ||     6
    Use: Scroll            |       |       |    13 |     5 |     3 |    14 |     4 |     8 ||    47
         Potion            |       |       |       |       |       |     1 |     6 |     7 ||    14
 Armour: Robe              |     8 |       |    29 |    17 |       |       |       |       ||    54
         Ring mail         |       |       |       |   100 |   218 |    22 |       |       ||   340
         Troll leather arm |       |       |       |       |       |   280 |    84 |       ||   364
         Skin              |       |       |       |       |       |       |   168 |   415 ||   583
  Dodge: Dodged            |     5 |       |    36 |   120 |   270 |   457 |   395 |   494 ||  1777
  Block: Buckler           |       |       |       |       |       |   106 |    39 |       ||   145
         Kite shield       |       |       |       |       |       |       |    52 |   288 ||   340
   Form: Statue            |       |       |       |       |       |       |     1 |     1 ||     2

Levels and vault maps discovered:
D:1:      psy_arrival_radial01, layout_basic,
          shapermc_ecumenical_altar_mp_ritualfount
D:2:      layout_loops_ring, basic_altar, minmay_crystal_room
D:3:      layout_basic, fedhas_altar_1, dk_noncrumbling_4
D:4:      layout_rooms, minmay_temple_entry_overgrown, serial_shops, shop,
          st_stairs_9, uniq_sigmund, uniq_eustachio
D:5:      layout_loops_corners, mainiacjoe_overflow_small_starburst
D:6:      layout_loops_ring, vehumet_crystals
D:7:      layout_basic, serial_co_window_serial, co_window_corner_a,
          co_window_corner_a, co_window_corner_a, co_window_corner_a,
          co_window_corner_a, co_window_paths_c, co_window_corner_cb,
          co_window_corner_b, co_window_unsneaky_path_d, co_window_sun,
          co_window_4corner_a, glass_columns_c, glass_columns_a,
          glass_columns_c, dreamdust_princess_bridge, grunt_ogre_cave,
          bh_walls_and_bars
D:8:      corexii_shantytown, layout_loops_ring, uniq_maggie
D:9:      layout_gridville, nicolae_overflow_squiral, elyvilon_altar_3,
          serial_shops, shop
D:10:     minmay_recursive_quarters, layout_basic, hellmonk_sif_muna_bookshelves
D:11:     layout_long_grid, erik_lair_dragon
D:12:     layout_small_grid, orc_david_3, serial_shops, nicolae_shop_stone
D:13:     layout_roguey, erik_vaults_1, nzn_ghost_randoct, kennysheep_potato
D:14:     minmay_spotlight, layout_gridville, minmay_misc_feat_pillars
D:15:     grunt_enter_depths_snipers, layout_irregular_city, nicolae_wwwww,
          uniq_nessos, uniq_azrael
Lair:1:   layout_hall_layers, chequers_serial_rivers_micro_b,
          infiniplex_staircase_pool_2
Lair:2:   layout_loops_ring, nicolae_swamp_entry_splash_gauntlet,
          portal_ice_cave_entry_ice_simulacra, basic_altar, roderic_batcave,
          lemuel_fruit_fields, uniq_urug, uniq_harold
Lair:3:   layout_gridlike, dummy_snake_entry
Lair:4:   layout_small_grid, uniq_rupert
Lair:5:   evil_forest, layout_cave_pods, slime_entry_1
Swamp:1:  layout_falls_marsh, evilmike_swamp_ruin_house_5, swamp_pool_3,
          st_swamp_ruins_2
Swamp:2:  cheibrodos_swamp_tower_of_moss, layout_falls_marsh,
          evilmike_swamp_ruin_house_1, infiniplex_staircase_pool,
          nicolae_swamp_tree_isthmus
Swamp:3:  layout_basic_swamp, evilmike_swamp_ruin_house_2
Swamp:4:  swamp_pestilence, layout_basic_swamp, hellmonk_ghost_happy_afterlife,
          swamp_pool_1_2, nicolae_swamp_little_tower, uniq_aizul
Snake:1:  layout_basic, nicolae_snake_serpentine_bazaar, lemuel_fruit_tree
Snake:2:  layout_concentric_octagons, uniq_mlioglotl
Snake:3:  layout_basic, nicolae_snake_boneroom, uniq_agnes
Snake:4:  minmay_snake_end_coiled, layout_cave_town, serial_shops,
          nicolae_shop_dealshenge, nicolae_shop_statue_plus, shop,
          nicolae_shop_self_help, serial_bayou_shore_b
Slime:1:  nicolae_slime_pool, layout_caves, nicolae_slime_phagocytosis
Slime:2:  layout_caves, nicolae_slime_getting_an_eyeful
Slime:3:  layout_caves
Slime:4:  layout_caves
Slime:5:  slime_pit_nicolae_royal_road_to_ruin
Orc:1:    layout_diamond_mine, uniq_erolcha
Orc:2:    grunt_orc_tribal_feast, layout_diamond_mine, serial_shops,
          nicolae_square_shop
Elf:1:    elf_arrival_002, layout_geoelf_octagon, mu_enter_wizlab_1,
          hangedman_elf_represent, billiards_dpeg
Elf:2:    elven_hall_of_blades_hangedman_original
          [nicolae_blade_entry_pointy_end], layout_onion_city,
          minmay_elf_annihilation
Elf:3:    grunt_elf_hall_asides, layout_geoelf_castle, uniq_mara, uniq_donald
Vaults:1: nicolae_vaults_trapezoid_2, vaults_room_octagon, v_pattern_5,
          ontoclasm_vaults_loading_screen, nicolae_vaults_storage_closets_3,
          nicolae_vaults_surprise_closet, vaults_room_corners,
          nicolae_vaults_wine_cellar, layout_vaults_quadrants
Vaults:2: hangedman_vaults_cutoff, nicolae_vaults_lightning_bolt,
          vaults_mumra_minichess_inversion, nicolae_vaults_meiosis,
          hangedman_vaults_trim, nicolae_vaults_hallways_thing,
          nicolae_vaults_puzzle_piece, nicolae_vaults_yaktaur_gun_rack,
          layout_vaults_big_room
Vaults:3: ebering_ghost_reflecting_pool, hangedman_vaults_unwind,
          nicolae_vaults_little_squares_5, v_misc_1, ontoclasm_vaults_shuriken,
          minmay_crypt_entry_simple_corners, nicolae_vaults_specimen_jars,
          ontoclasm_vaults_ring_small, nicolae_vaults_house_3,
          nicolae_vaults_trapezoid_layered, vaults_dpeg_emergency_exit,
          nicolae_vaults_storage_closets_2, nicolae_vaults_double_plus_2,
          layout_vaults_omnibox, serial_shops, nicolae_diamond_shop
Vaults:4: nicolae_vaults_frosty_reception, ontoclasm_vaults_spin,
          nicolae_vaults_network_periphery, vaults_dpeg_ring,
          nicolae_vaults_little_ls, nicolae_vaults_meeting,
          nicolae_vaults_cochlea, ontoclasm_vaults_decontamination,
          lightli_orcish_oven, nicolae_vaults_taking_the_gang_shopping,
          nicolae_vaults_little_squares_5, layout_vaults_maze_snakey
Depths:1: layout_gridville, minmay_misc_feat_room, hellmonk_ghost_time_enough,
          hell_entry, minmay_misc_feat_four_crosses, nicolae_twisting_strands,
          nicolae_diode_stairs
Depths:2: emtedronai_trogs_sanctum, layout_small_grid, minmay_parallelograms,
          regret_index_abyss_entry_earlier_magic, pf_vacation_house_of_asmodeus,
          rand_demon_pan_entry_9
Depths:3: nicolae_hexawheel, layout_basic, nemelex_xobeh_ov_fountains_minmay,
          regret_index_abyss_entry_already_here, hell_entry,
          lemuel_flamethrower_2
Depths:4: evilmike_zot_entry_gauntlet, layout_honeycomb, enter_ziggurat_f,
          roderic_serpentine_path, grunt_pan_entry_in_and_out, hell_entry,
          grunt_megastairs_2
Zot:1:    layout_misc_corridors, regret_index_zotdec_fiery_em,
          lemuel_lake_of_fire
Zot:2:    layout_gridlike, st_single_dragon_hoard_4,
          regret_index_zotdec_banners, uniq_vv
Zot:3:    layout_concentric_octagons, regret_index_zotdec_magical_s,
          nicolae_zig_zag_zippers, uniq_tiamat

Notes
Turn   | Place    | Note
-------+----------+-------------------------------------------
     0 | D:1      | Ruich the Djinni Alchemist began the quest for the Orb.
     0 | D:1      | Ruich set off with the following spells memorised: Sting,
                  | Mercury Vapours, Mephitic Cloud, Olgreb's Toxic Radiance,
                  | Sticky Flame.
     0 | D:1      | Reached XP level 1. HP: 15/15 MP: 0/0
   112 | D:1      | Reached XP level 2. HP: 21/22 MP: 0/0
   370 | D:1      | Reached skill level 1 in Fighting
   741 | D:1      | Found a faded altar of an unknown god.
   766 | D:1      | Reached XP level 3. HP: 25/27 MP: 0/0
   766 | D:1      | Learned a level 1 spell: Foxfire
   804 | D:1      | Prayed at the altar of an unknown god.
   804 | D:1      | Became a worshipper of Jiyva Juah the Shapeless
   804 | D:1      | Reached * piety under Jiyva
  1176 | D:2      | Found a shadowy altar of Dithmenos.
  1270 | D:2      | Reached ** piety under Jiyva
  2157 | D:3      | Found a blossoming altar of Fedhas.
  2442 | D:4      | Reached *** piety under Jiyva
  2492 | D:4      | Reached XP level 4. HP: 32/32 MP: 0/0
  2499 | D:4      | Noticed Sigmund
  2501 | D:4      | Gained mutation: Your mind is acute. (Int +4, Str/Dex -1)
                  | [Jiyva's grace]
  2501 | D:4      | Gained mutation: Your mind is very acute. (Int +8, Str/Dex
                  | -2) [Jiyva's grace]
  2501 | D:4      | Gained mutation: You are partially covered in iridescent
                  | scales. (AC +2) [Jiyva's grace]
  2501 | D:4      | Gained mutation: You are mostly covered in iridescent
                  | scales. (AC +4) [Jiyva's grace]
  2515 | D:4      | Killed Sigmund
  2516 | D:4      | Reached skill level 2 in Fighting
  2516 | D:4      | Reached skill level 4 in Spellcasting
  2516 | D:4      | Reached skill level 4 in Conjurations
  2516 | D:4      | Reached skill level 4 in Hexes
  2516 | D:4      | Reached skill level 4 in Summonings
  2516 | D:4      | Reached skill level 4 in Necromancy
  2516 | D:4      | Reached skill level 4 in Translocations
  2516 | D:4      | Reached skill level 4 in Fire Magic
  2516 | D:4      | Reached skill level 4 in Ice Magic
  2516 | D:4      | Reached skill level 4 in Air Magic
  2516 | D:4      | Reached skill level 4 in Earth Magic
  2516 | D:4      | Reached skill level 4 in Alchemy
  2516 | D:4      | Reached XP level 5. HP: 39/39 MP: 0/0
  2516 | D:4      | Learned a level 2 spell: Blink
  2516 | D:4      | Reached XP level 6. HP: 45/45 MP: 0/0
  2668 | D:4      | Reached skill level 3 in Fighting
  2668 | D:4      | Reached skill level 5 in Spellcasting
  2668 | D:4      | Reached skill level 5 in Conjurations
  2668 | D:4      | Reached skill level 5 in Hexes
  2668 | D:4      | Reached skill level 5 in Summonings
  2668 | D:4      | Reached skill level 5 in Necromancy
  2668 | D:4      | Reached skill level 5 in Translocations
  2668 | D:4      | Reached skill level 5 in Fire Magic
  2668 | D:4      | Reached skill level 5 in Ice Magic
  2668 | D:4      | Reached skill level 5 in Air Magic
  2668 | D:4      | Reached skill level 5 in Earth Magic
  2668 | D:4      | Reached skill level 5 in Alchemy
  2680 | D:4      | Noticed an ogre
  2697 | D:4      | Killed an ogre
  2706 | D:4      | Reached XP level 7. HP: 50/50 MP: 0/0
  2706 | D:4      | Learned a level 3 spell: Swiftness
  2808 | D:4      | Found a staircase to the Ecumenical Temple.
  2810 | D:4      | Noticed Eustachio
  2820 | D:4      | Killed Eustachio
  2867 | D:4      | Found Veol's General Store.
  2870 | D:4      | Bought a scroll of identify for 26 gold pieces
  3197 | D:5      | Entered Level 5 of the Dungeon
  3224 | D:5      | Noticed a water moccasin
  3231 | D:5      | Killed a water moccasin
  3232 | D:5      | Reached skill level 4 in Fighting
  3232 | D:5      | Reached skill level 6 in Spellcasting
  3232 | D:5      | Reached skill level 6 in Conjurations
  3232 | D:5      | Reached skill level 6 in Hexes
  3232 | D:5      | Reached skill level 6 in Summonings
  3232 | D:5      | Reached skill level 6 in Necromancy
  3232 | D:5      | Reached skill level 6 in Translocations
  3232 | D:5      | Reached skill level 6 in Fire Magic
  3232 | D:5      | Reached skill level 6 in Ice Magic
  3232 | D:5      | Reached skill level 6 in Air Magic
  3232 | D:5      | Reached skill level 6 in Earth Magic
  3232 | D:5      | Reached skill level 6 in Alchemy
  3261 | D:5      | Reached **** piety under Jiyva
  3524 | D:5      | Reached XP level 8. HP: 57/58 MP: 0/0
  3896 | D:5      | Reached ***** piety under Jiyva
  3974 | D:5      | Found an opulent altar of Gozag.
  4161 | D:6      | Reached skill level 5 in Fighting
  4195 | D:6      | Reached skill level 7 in Spellcasting
  4195 | D:6      | Reached skill level 7 in Conjurations
  4195 | D:6      | Reached skill level 7 in Hexes
  4195 | D:6      | Reached skill level 7 in Summonings
  4195 | D:6      | Reached skill level 7 in Necromancy
  4195 | D:6      | Reached skill level 7 in Translocations
  4195 | D:6      | Reached skill level 7 in Fire Magic
  4195 | D:6      | Reached skill level 7 in Ice Magic
  4195 | D:6      | Reached skill level 7 in Air Magic
  4195 | D:6      | Reached skill level 7 in Earth Magic
  4195 | D:6      | Reached skill level 7 in Alchemy
  4301 | D:6      | Lost mutation: You are mostly covered in iridescent scales.
                  | (AC +4) [Jiyva's grace]
  4301 | D:6      | Gained mutation: You have a small jelly attached to you
                  | that senses nearby items. [Jiyva's grace]
  4301 | D:6      | Gained mutation: You are covered in slimy tendrils that may
                  | disarm your opponents. [Jiyva's grace]
  4301 | D:6      | Gained mutation: Your melee attacks may engulf your foes in
                  | ooze. [Jiyva's grace]
  4301 | D:6      | Gained mutation: Your muscles are strong. (Str +4, Int/Dex
                  | -1) [Jiyva's grace]
  4530 | D:6      | Reached XP level 9. HP: 47/65 MP: 0/0
  4530 | D:6      | Learned a level 4 spell: Petrify
  4782 | D:7      | Reached skill level 6 in Fighting
  4791 | D:7      | Reached skill level 8 in Spellcasting
  4791 | D:7      | Reached skill level 8 in Conjurations
  4791 | D:7      | Reached skill level 8 in Hexes
  4791 | D:7      | Reached skill level 8 in Summonings
  4791 | D:7      | Reached skill level 8 in Necromancy
  4791 | D:7      | Reached skill level 8 in Translocations
  4791 | D:7      | Reached skill level 8 in Fire Magic
  4791 | D:7      | Reached skill level 8 in Ice Magic
  4791 | D:7      | Reached skill level 8 in Air Magic
  4791 | D:7      | Reached skill level 8 in Earth Magic
  4791 | D:7      | Reached skill level 8 in Alchemy
  5080 | D:7      | Identified the orb "Sifeant" {*Rage, Conj}
  5400 | D:7      | Reached skill level 7 in Fighting
  5435 | D:7      | Reached skill level 9 in Spellcasting
  5435 | D:7      | Reached skill level 9 in Conjurations
  5435 | D:7      | Reached skill level 9 in Hexes
  5435 | D:7      | Reached skill level 9 in Summonings
  5435 | D:7      | Reached skill level 9 in Necromancy
  5435 | D:7      | Reached skill level 9 in Translocations
  5435 | D:7      | Reached skill level 9 in Fire Magic
  5435 | D:7      | Reached skill level 9 in Ice Magic
  5435 | D:7      | Reached skill level 9 in Air Magic
  5435 | D:7      | Reached skill level 9 in Earth Magic
  5435 | D:7      | Reached skill level 9 in Alchemy
  5615 | D:7      | Reached XP level 10. HP: 70/75 MP: 0/0
  6241 | D:8      | Reached skill level 8 in Fighting
  6371 | D:8      | Noticed Maggie
  6381 | D:8      | Killed Maggie
  6382 | D:8      | Reached skill level 10 in Spellcasting
  6382 | D:8      | Reached skill level 10 in Conjurations
  6382 | D:8      | Reached skill level 10 in Hexes
  6382 | D:8      | Reached skill level 10 in Summonings
  6382 | D:8      | Reached skill level 10 in Necromancy
  6382 | D:8      | Reached skill level 10 in Translocations
  6382 | D:8      | Reached skill level 10 in Fire Magic
  6382 | D:8      | Reached skill level 10 in Ice Magic
  6382 | D:8      | Reached skill level 10 in Air Magic
  6382 | D:8      | Reached skill level 10 in Earth Magic
  6382 | D:8      | Reached skill level 10 in Alchemy
  6474 | D:8      | Identified the +3 ring mail of Rasymufa {rC++}
  6704 | D:8      | Reached ****** piety under Jiyva
  6844 | D:8      | Gained mutation: You have a pair of small antennae on your
                  | head. [Jiyva's grace]
  6844 | D:8      | Gained mutation: You have a pair of antennae on your head.
                  | [Jiyva's grace]
  6844 | D:8      | Gained mutation: You have a pair of large antennae on your
                  | head. (SInv) [Jiyva's grace]
  6844 | D:8      | Gained mutation: Your muscles are very strong. (Str +8,
                  | Int/Dex -2) [Jiyva's grace]
  6927 | D:9      | Found Hitwar's Antique Weapon Boutique.
  7118 | D:9      | Reached XP level 11. HP: 73/82 MP: 0/0
  7118 | D:9      | Learned a level 5 spell: Curse of Agony
  7167 | D:9      | Found a white marble altar of Elyvilon.
  7210 | D:9      | Found a basalt altar of Yredelemnul.
  7211 | D:9      | Found a broken altar of Ashenzari.
  7564 | D:10     | Entered Level 10 of the Dungeon
  7593 | D:10     | Reached skill level 9 in Fighting
  7596 | D:10     | Reached skill level 11 in Spellcasting
  7596 | D:10     | Reached skill level 11 in Conjurations
  7596 | D:10     | Reached skill level 11 in Hexes
  7596 | D:10     | Reached skill level 11 in Summonings
  7596 | D:10     | Reached skill level 11 in Necromancy
  7596 | D:10     | Reached skill level 11 in Translocations
  7596 | D:10     | Reached skill level 11 in Fire Magic
  7596 | D:10     | Reached skill level 11 in Ice Magic
  7596 | D:10     | Reached skill level 11 in Air Magic
  7596 | D:10     | Reached skill level 11 in Earth Magic
  7596 | D:10     | Reached skill level 11 in Alchemy
  7602 | D:10     | Reached skill level 3 in Dodging
  7672 | D:10     | Noticed a two-headed ogre
  7689 | D:10     | Killed a two-headed ogre
  7734 | D:10     | Reached skill level 4 in Dodging
  8337 | D:11     | Noticed a manticore
  8342 | D:11     | Killed a manticore
  8343 | D:11     | Reached skill level 5 in Dodging
  8451 | D:11     | Reached skill level 10 in Fighting
  8454 | D:11     | Reached XP level 12. HP: 61/91 MP: 0/0
  8636 | D:11     | You are sucked into a shaft and drop 2 floors!
  8643 | D:13     | Noticed a centaur warrior
  8658 | D:11     | Lost mutation: Your muscles are very strong. (Str +8,
                  | Int/Dex -2) [Jiyva's grace]
  8658 | D:11     | Gained mutation: You possess an exceptional clarity of
                  | mind. [Jiyva's grace]
  8658 | D:11     | Gained mutation: You have a small jelly attached to you
                  | that may absorb projectiles. [Jiyva's grace]
  8658 | D:11     | Gained mutation: Your flesh is almost immune to the effects
                  | of heat. (rF+++) [Jiyva's grace]
  8658 | D:11     | Gained mutation: You are mostly covered in iridescent
                  | scales. (AC +4) [Jiyva's grace]
  8741 | D:11     | Reached skill level 12 in Spellcasting
  8741 | D:11     | Reached skill level 12 in Conjurations
  8741 | D:11     | Reached skill level 12 in Hexes
  8741 | D:11     | Reached skill level 12 in Summonings
  8741 | D:11     | Reached skill level 12 in Necromancy
  8741 | D:11     | Reached skill level 12 in Translocations
  8741 | D:11     | Reached skill level 12 in Fire Magic
  8741 | D:11     | Reached skill level 12 in Ice Magic
  8741 | D:11     | Reached skill level 12 in Air Magic
  8741 | D:11     | Reached skill level 12 in Earth Magic
  8741 | D:11     | Reached skill level 12 in Alchemy
  8742 | D:11     | Noticed a two-headed ogre
  8746 | D:11     | Killed a two-headed ogre
  8747 | D:11     | Reached skill level 6 in Dodging
  8830 | D:11     | Found a staircase to the Lair.
  9198 | Lair:1   | Entered Level 1 of the Lair of Beasts
  9436 | Lair:1   | Reached skill level 7 in Dodging
  9642 | Lair:2   | Noticed a five-headed hydra
  9652 | Lair:2   | Killed a five-headed hydra
  9653 | Lair:2   | Reached skill level 11 in Fighting
  9703 | Lair:2   | Noticed Harold
  9824 | Lair:1   | Killed Harold
  9907 | Lair:2   | Reached XP level 13. HP: 90/99 MP: 0/0
  9907 | Lair:2   | Learned a level 5 spell: Yara's Violent Unravelling
  9926 | Lair:2   | Reached skill level 13 in Spellcasting
  9926 | Lair:2   | Reached skill level 13 in Conjurations
  9926 | Lair:2   | Reached skill level 13 in Hexes
  9926 | Lair:2   | Reached skill level 13 in Summonings
  9926 | Lair:2   | Reached skill level 13 in Necromancy
  9926 | Lair:2   | Reached skill level 13 in Translocations
  9926 | Lair:2   | Reached skill level 13 in Fire Magic
  9926 | Lair:2   | Reached skill level 13 in Ice Magic
  9926 | Lair:2   | Reached skill level 13 in Air Magic
  9926 | Lair:2   | Reached skill level 13 in Earth Magic
  9926 | Lair:2   | Reached skill level 13 in Alchemy
  9930 | Lair:2   | Reached skill level 8 in Dodging
  9955 | Lair:2   | Found a snail-covered altar of Cheibriados.
 10018 | Lair:2   | Noticed Urug
 10033 | Lair:2   | Killed Urug
 10241 | Lair:2   | Found a frozen archway.
 10248 | IceCv    | Entered an ice cave
 10370 | IceCv    | Noticed a quicksilver ooze
 10388 | IceCv    | Noticed an azure jelly
 10392 | IceCv    | Noticed an azure jelly
 10401 | IceCv    | Found a viscous altar of Jiyva.
 10420 | IceCv    | Got the +4 sling "Nagu" {freeze, rPois Will+ MP+9 Dex-5}
 10423 | IceCv    | Got the +6 sling of Compassion {freeze, rF+ Will+ rCorr
                  | Stlth-}
 10838 | Lair:2   | Lost mutation: You have a pair of large antennae on your
                  | head. (SInv) [Jiyva's grace]
 10838 | Lair:2   | Lost mutation: You have a pair of antennae on your head.
                  | [Jiyva's grace]
 10838 | Lair:2   | Lost mutation: You are mostly covered in iridescent scales.
                  | (AC +4) [Jiyva's grace]
 10838 | Lair:2   | Lost mutation: Your melee attacks may engulf your foes in
                  | ooze. [Jiyva's grace]
 10838 | Lair:2   | Gained mutation: Your melee attacks may engulf your foes in
                  | ooze. [Jiyva's grace]
 10838 | Lair:2   | Gained mutation: Your translucent skin slightly reduces
                  | your foes' accuracy. (Stealth+) [Jiyva's grace]
 10838 | Lair:2   | Gained mutation: Your translucent skin reduces your foes'
                  | accuracy. (Stealth+) [Jiyva's grace]
 10838 | Lair:2   | Gained mutation: Your transparent skin significantly
                  | reduces your foes' accuracy. (Stealth+) [Jiyva's grace]
 10983 | Lair:2   | Found a staircase to the Swamp.
 11275 | Lair:3   | Reached skill level 9 in Dodging
 11325 | Lair:3   | Reached skill level 12 in Fighting
 11549 | Lair:3   | Found a staircase to the Snake Pit.
 11772 | Lair:3   | Noticed a four-headed hydra
 11779 | Lair:3   | Killed a four-headed hydra
 12147 | Lair:4   | Reached skill level 14 in Spellcasting
 12147 | Lair:4   | Reached skill level 14 in Conjurations
 12147 | Lair:4   | Reached skill level 14 in Hexes
 12147 | Lair:4   | Reached skill level 14 in Summonings
 12147 | Lair:4   | Reached skill level 14 in Necromancy
 12147 | Lair:4   | Reached skill level 14 in Translocations
 12147 | Lair:4   | Reached skill level 14 in Fire Magic
 12147 | Lair:4   | Reached skill level 14 in Ice Magic
 12147 | Lair:4   | Reached skill level 14 in Air Magic
 12147 | Lair:4   | Reached skill level 14 in Earth Magic
 12147 | Lair:4   | Reached skill level 14 in Alchemy
 12147 | Lair:4   | Reached XP level 14. HP: 104/108 MP: 0/0
 12182 | Lair:4   | Reached skill level 10 in Dodging
 12630 | Lair:4   | Lost mutation: You are partially covered in iridescent
                  | scales. (AC +2) [Jiyva's grace]
 12630 | Lair:4   | Lost mutation: Your mind is very acute. (Int +8, Str/Dex
                  | -2) [Jiyva's grace]
 12630 | Lair:4   | Lost mutation: Your transparent skin significantly reduces
                  | your foes' accuracy. (Stealth+) [Jiyva's grace]
 12630 | Lair:4   | Lost mutation: Your translucent skin reduces your foes'
                  | accuracy. (Stealth+) [Jiyva's grace]
 12630 | Lair:4   | Lost mutation: You have a small jelly attached to you that
                  | may absorb projectiles. [Jiyva's grace]
 12630 | Lair:4   | Lost mutation: Your melee attacks may engulf your foes in
                  | ooze. [Jiyva's grace]
 12630 | Lair:4   | Gained mutation: You are partially covered in iridescent
                  | scales. (AC +2) [Jiyva's grace]
 12630 | Lair:4   | Gained mutation: You are mostly covered in iridescent
                  | scales. (AC +4) [Jiyva's grace]
 12630 | Lair:4   | Gained mutation: You are completely covered in iridescent
                  | scales. (AC +6) [Jiyva's grace]
 12630 | Lair:4   | Gained mutation: Your rubbery body absorbs attacks. (AC +1,
                  | EV +1) [Jiyva's grace]
 12875 | Lair:4   | Noticed Rupert
 12891 | Lair:4   | Killed Rupert
 12892 | Lair:4   | Reached skill level 13 in Fighting
 13087 | Lair:5   | Entered Level 5 of the Lair of Beasts
 13207 | Lair:5   | Reached skill level 15 in Spellcasting
 13207 | Lair:5   | Reached skill level 15 in Conjurations
 13207 | Lair:5   | Reached skill level 15 in Hexes
 13207 | Lair:5   | Reached skill level 15 in Summonings
 13207 | Lair:5   | Reached skill level 15 in Necromancy
 13207 | Lair:5   | Reached skill level 15 in Translocations
 13207 | Lair:5   | Reached skill level 15 in Fire Magic
 13207 | Lair:5   | Reached skill level 15 in Ice Magic
 13207 | Lair:5   | Reached skill level 15 in Air Magic
 13207 | Lair:5   | Reached skill level 15 in Earth Magic
 13207 | Lair:5   | Reached skill level 15 in Alchemy
 13560 | Lair:5   | Reached skill level 2 in Stealth
 13612 | Lair:5   | Found a staircase to the Slime Pits.
 13612 | Lair:5   | Found a viscous altar of Jiyva.
 13977 | Lair:5   | Noticed a dire elephant
 13994 | Lair:5   | Killed a dire elephant
 13995 | Lair:5   | Reached XP level 15. HP: 91/115 MP: 0/0
 13995 | Lair:5   | Learned a level 6 spell: Dispersal
 14183 | Lair:5   | Found a burning altar of Makhleb.
 14189 | Lair:5   | Reached skill level 3 in Stealth
 14233 | Lair:5   | Found a gateway to Hell.
 14587 | D:12     | Found Saqug's Assorted Antiques.
 14600 | D:12     | Lost mutation: Your muscles are strong. (Str +4, Int/Dex
                  | -1) [Jiyva's grace]
 14600 | D:12     | Gained mutation: You are resistant to electric shocks.
                  | (rElec) [Jiyva's grace]
 14600 | D:12     | Gained mutation: You expend health (3 HP) to strengthen
                  | your wands. [Jiyva's grace]
 14600 | D:12     | Gained mutation: You passively map a small area around you.
                  | [Jiyva's grace]
 14600 | D:12     | Gained mutation: You passively map the area around you.
                  | [Jiyva's grace]
 14636 | D:12     | Found Zehomirphi's Armour Emporium.
 14636 | D:12     | Found a staircase to the Orcish Mines.
 15100 | D:13     | Noticed Dehoisae's ghost (journeyman CoHu)
 15103 | D:13     | Noticed Winlehek's ghost (journeyman HOFi)
 15109 | D:13     | Found a transporter.
 15113 | D:13     | Found a transporter.
 15301 | D:13     | Reached skill level 4 in Stealth
 15355 | D:13     | Reached skill level 14 in Fighting
 15420 | D:13     | Identified the +0 leather armour of the Beekeeper {Str+4
                  | Int+4}
 15567 | D:13     | Upgraded the game from 0.32-a0-886-g41c5271027 to
                  | 0.32-a0-893-gf85d74f360
 15610 | D:13     | Found a gate to the Vaults.
 15894 | D:14     | Reached skill level 16 in Spellcasting
 15894 | D:14     | Reached skill level 16 in Conjurations
 15894 | D:14     | Reached skill level 16 in Hexes
 15894 | D:14     | Reached skill level 16 in Summonings
 15894 | D:14     | Reached skill level 16 in Necromancy
 15894 | D:14     | Reached skill level 16 in Translocations
 15894 | D:14     | Reached skill level 16 in Fire Magic
 15894 | D:14     | Reached skill level 16 in Ice Magic
 15894 | D:14     | Reached skill level 16 in Air Magic
 15894 | D:14     | Reached skill level 16 in Earth Magic
 15894 | D:14     | Reached skill level 16 in Alchemy
 16057 | D:14     | Reached skill level 1 in Evocations
 16296 | D:14     | Lost mutation: You have a pair of small antennae on your
                  | head. [Jiyva's grace]
 16296 | D:14     | Lost mutation: You are completely covered in iridescent
                  | scales. (AC +6) [Jiyva's grace]
 16296 | D:14     | Lost mutation: Your rubbery body absorbs attacks. (AC +1,
                  | EV +1) [Jiyva's grace]
 16296 | D:14     | Lost mutation: Your translucent skin slightly reduces your
                  | foes' accuracy. (Stealth+) [Jiyva's grace]
 16296 | D:14     | Lost mutation: You have a small jelly attached to you that
                  | senses nearby items. [Jiyva's grace]
 16296 | D:14     | Gained mutation: You are agile. (Dex +4, Str/Int -1)
                  | [Jiyva's grace]
 16296 | D:14     | Gained mutation: You are very agile. (Dex +8, Str/Int -2)
                  | [Jiyva's grace]
 16296 | D:14     | Gained mutation: Your mind is very acute. (Int +8, Str/Dex
                  | -2) [Jiyva's grace]
 16296 | D:14     | Gained mutation: You are completely covered in iridescent
                  | scales. (AC +6) [Jiyva's grace]
 16444 | D:14     | Reached skill level 5 in Stealth
 16587 | D:14     | Reached skill level 2 in Evocations
 16745 | D:15     | Entered Level 15 of the Dungeon
 16753 | D:15     | Noticed Azrael
 16869 | Orc:1    | Entered Level 1 of the Orcish Mines
 16880 | Orc:1    | Noticed Erolcha
 16888 | Orc:1    | Killed Erolcha
 17036 | Orc:2    | Entered Level 2 of the Orcish Mines
 17091 | Orc:2    | Reached skill level 3 in Evocations
 17159 | Orc:2    | Reached XP level 16. HP: 120/124 MP: 0/0
 17209 | Orc:2    | Found Enuib's Distillery.
 17325 | Orc:2    | Found a staircase to the Elven Halls.
 17406 | Orc:2    | Found Fogarier's Magic Scroll Boutique.
 17406 | Orc:2    | Found Inlul's Distillery.
 17408 | Orc:2    | Found Acol's Weapon Boutique.
 17408 | Orc:2    | Found Heasug's General Store.
 17589 | Orc:1    | Reached skill level 4 in Evocations
 17592 | Orc:1    | Lost mutation: Your mind is very acute. (Int +8, Str/Dex
                  | -2) [you]
 17732 | Orc:1    | Reached skill level 15 in Fighting
 18157 | Slime:1  | Entered Level 1 of the Pits of Slime
 18229 | Slime:3  | Noticed a rockslime
 18235 | Slime:5  | Entered Level 5 of the Pits of Slime
 18243 | Slime:5  | Noticed a rockslime
 18251 | Slime:5  | Noticed an acid blob
 18254 | Slime:5  | Noticed an azure jelly
 18255 | Slime:5  | Noticed a rockslime
 18257 | Slime:5  | Noticed an acid blob
 18264 | Slime:5  | Noticed an acid blob
 18271 | Slime:5  | Noticed an acid blob
 18273 | Slime:5  | Noticed a rockslime
 18286 | Slime:5  | Noticed an acid blob
 18291 | Slime:5  | Found a viscous altar of Jiyva.
 18297 | Slime:5  | Noticed the Royal Jelly
 18305 | Slime:5  | Identified the +9 mace "Bej Xeuw" {vamp, +Blink}
 18312 | Slime:5  | Got a slimy rune of Zot
 18313 | Slime:5  | Identified the amulet "Bygan" {Faith ^Fragile rC++ Str+9}
 18316 | Slime:5  | Got a starry gem with 443 turns to spare
 18319 | Slime:5  | Identified the ring "Fuoc" {^Contam EV+5 Int+7}
 18417 | Slime:5  | Noticed an azure jelly
 18503 | Slime:5  | Noticed an azure jelly
 18517 | Slime:5  | Noticed an acid blob
 18766 | Slime:4  | Noticed an acid blob
 19068 | Swamp:1  | Entered Level 1 of the Swamp
 19230 | Swamp:1  | Reached skill level 1 in Shields
 19258 | Lair:2   | Reached skill level 11 in Dodging
 19287 | Swamp:1  | Reached skill level 5 in Evocations
 19486 | Lair:2   | Reached skill level 2 in Shields
 19565 | Swamp:1  | Lost mutation: You are completely covered in iridescent
                  | scales. (AC +6) [Jiyva's grace]
 19565 | Swamp:1  | Lost mutation: Your mind is acute. (Int +4, Str/Dex -1)
                  | [Jiyva's grace]
 19565 | Swamp:1  | Lost mutation: You expend health (3 HP) to strengthen your
                  | wands. [Jiyva's grace]
 19565 | Swamp:1  | Gained mutation: Your translucent skin slightly reduces
                  | your foes' accuracy. (Stealth+) [Jiyva's grace]
 19565 | Swamp:1  | Gained mutation: Your translucent skin reduces your foes'
                  | accuracy. (Stealth+) [Jiyva's grace]
 19565 | Swamp:1  | Gained mutation: Your transparent skin significantly
                  | reduces your foes' accuracy. (Stealth+) [Jiyva's grace]
 19565 | Swamp:1  | Gained mutation: You have a small jelly attached to you
                  | that may absorb projectiles. [Jiyva's grace]
 20039 | Swamp:2  | Noticed a thorn hunter
 20048 | Swamp:2  | Killed a thorn hunter
 20059 | Swamp:2  | Reached skill level 3 in Shields
 20334 | Swamp:2  | Noticed a thorn hunter
 20365 | Swamp:2  | Killed a thorn hunter
 20396 | Swamp:2  | Reached skill level 4 in Shields
 20602 | Swamp:2  | Gained mutation: You occasionally lose the ability to drink
                  | potions when taking damage. [you]
 21497 | Swamp:3  | Noticed a fenstrider witch
 21511 | Swamp:2  | Reached XP level 17. HP: 58/132 MP: 0/0
 21511 | Swamp:2  | Learned a level 7 spell: Summon Hydra
 21561 | Swamp:3  | Identified the +2 leather armour of the Playwright {-Tele
                  | Harm Fly Int-5}
 21623 | Swamp:3  | Reached skill level 12 in Dodging
 21906 | Swamp:3  | Noticed a thorn hunter
 21916 | Swamp:3  | Killed a thorn hunter
 21917 | Swamp:3  | Reached skill level 5 in Shields
 21923 | Swamp:3  | Identified the +6 sling of Caataw {flame, Will+ SInv}
 22173 | Swamp:4  | Entered Level 4 of the Swamp
 22218 | Swamp:4  | Reached skill level 16 in Fighting
 22685 | Swamp:4  | Found a runed translucent door.
 22691 | Swamp:4  | Noticed Jout's ghost (adept FeEE)
 22920 | Swamp:4  | Identified the serpent talisman "Coclir" {Will- Int+7
                  | Dex-5}
 22920 | Swamp:4  | Noticed Aizul
 22936 | Swamp:4  | Killed Aizul
 22953 | Swamp:4  | Lost mutation: You are very agile. (Dex +8, Str/Int -2)
                  | [Jiyva's grace]
 22953 | Swamp:4  | Lost mutation: You passively map the area around you.
                  | [Jiyva's grace]
 22953 | Swamp:4  | Lost mutation: You passively map a small area around you.
                  | [Jiyva's grace]
 22953 | Swamp:4  | Lost mutation: You are covered in slimy tendrils that may
                  | disarm your opponents. [Jiyva's grace]
 22953 | Swamp:4  | Lost mutation: You occasionally lose the ability to drink
                  | potions when taking damage. [Jiyva's grace]
 22953 | Swamp:4  | Gained mutation: A frigid envelope surrounds you and
                  | freezes all who hurt you. [Jiyva's grace]
 22953 | Swamp:4  | Gained mutation: Armour fits poorly on your pseudopods.
                  | [Jiyva's grace]
 22953 | Swamp:4  | Gained mutation: Armour fits poorly on your large
                  | pseudopods. [Jiyva's grace]
 22953 | Swamp:4  | Gained mutation: Armour fits poorly on your massive
                  | pseudopods. [Jiyva's grace]
 23331 | Swamp:4  | Reached skill level 13 in Dodging
 23372 | Swamp:4  | Noticed a bone dragon
 23390 | Swamp:4  | Killed a bone dragon
 23442 | Swamp:4  | Got a decaying rune of Zot
 23586 | Swamp:4  | Killed Jout's ghost
 23688 | Snake:1  | Entered Level 1 of the Snake Pit
 24208 | Snake:1  | Reached skill level 17 in Fighting
 24572 | Snake:1  | Found Kuvoch's General Store.
 24574 | Snake:1  | Found Fong's Assorted Antiques.
 24588 | Snake:1  | Found Vehy's Magic Scroll Boutique.
 24601 | Snake:1  | Bought a scroll of identify for 38 gold pieces
 24601 | Snake:1  | Bought a scroll of identify for 38 gold pieces
 24601 | Snake:1  | Bought a scroll of identify for 38 gold pieces
 24617 | Snake:1  | Bought a scroll of identify for 48 gold pieces
 24617 | Snake:1  | Bought a scroll labelled TISETS RIAM for 24 gold pieces
 24742 | Snake:2  | Reached XP level 18. HP: 136/142 MP: 0/0
 24820 | Snake:2  | Identified a potion of resistance
 24839 | Snake:2  | Reached skill level 17 in Spellcasting
 24839 | Snake:2  | Reached skill level 17 in Conjurations
 24839 | Snake:2  | Reached skill level 17 in Hexes
 24839 | Snake:2  | Reached skill level 17 in Summonings
 24839 | Snake:2  | Reached skill level 17 in Necromancy
 24839 | Snake:2  | Reached skill level 17 in Translocations
 24839 | Snake:2  | Reached skill level 17 in Fire Magic
 24839 | Snake:2  | Reached skill level 17 in Ice Magic
 24839 | Snake:2  | Reached skill level 17 in Air Magic
 24839 | Snake:2  | Reached skill level 17 in Earth Magic
 24839 | Snake:2  | Reached skill level 17 in Alchemy
 24869 | Snake:2  | Noticed Mlioglotl
 24877 | Snake:2  | Killed Mlioglotl
 25469 | Snake:3  | Reached skill level 14 in Dodging
 25571 | Snake:3  | Found the +27 heavy crossbow "Sniper" {heavy, Acc+∞ SInv}
 25761 | Snake:3  | Noticed Agnes
 25768 | Snake:3  | Killed Agnes
 25831 | Snake:3  | Identified the +5 chain mail "Taesero" {rElec}
 26040 | Snake:3  | Lost mutation: You possess an exceptional clarity of mind.
                  | [Jiyva's grace]
 26040 | Snake:3  | Lost mutation: Armour fits poorly on your massive
                  | pseudopods. [Jiyva's grace]
 26040 | Snake:3  | Lost mutation: Armour fits poorly on your large pseudopods.
                  | [Jiyva's grace]
 26040 | Snake:3  | Lost mutation: Your transparent skin significantly reduces
                  | your foes' accuracy. (Stealth+) [Jiyva's grace]
 26040 | Snake:3  | Gained mutation: Your transparent skin significantly
                  | reduces your foes' accuracy. (Stealth+) [Jiyva's grace]
 26040 | Snake:3  | Gained mutation: You are covered in fur. (AC +1) [Jiyva's
                  | grace]
 26040 | Snake:3  | Gained mutation: You are covered in thick fur. (AC +2)
                  | [Jiyva's grace]
 26040 | Snake:3  | Gained mutation: Your thick and shaggy fur keeps you warm.
                  | (AC +3, rC+) [Jiyva's grace]
 26515 | Snake:4  | Entered Level 4 of the Snake Pit
 26515 | Snake:4  | Found Dijuasm's Jewellery Boutique.
 26538 | Snake:4  | Bought a granite talisman for 1260 gold pieces
 26581 | Snake:4  | Reached skill level 1 in Shapeshifting
 26653 | Snake:4  | Found Doesasyi's Antique Armour Shoppe.
 26669 | Snake:4  | Reached skill level 2 in Shapeshifting
 26849 | Snake:4  | Reached skill level 3 in Shapeshifting
 27175 | Snake:4  | Found Wumaorug's Self-Improvement Boutique.
 27191 | Snake:4  | Reached skill level 4 in Shapeshifting
 27283 | Snake:4  | Found Dolaho's Antique Weapon Shoppe.
 27461 | Snake:4  | Reached skill level 5 in Shapeshifting
 27616 | Snake:4  | Reached skill level 6 in Shapeshifting
 27699 | Snake:4  | Got a serpentine rune of Zot
 28250 | D:15     | Killed Azrael
 28251 | D:15     | Reached XP level 19. HP: 145/149 MP: 0/0
 28251 | D:15     | Learned a level 6 spell: Bombard
 28321 | D:15     | Reached skill level 7 in Shapeshifting
 28375 | D:15     | Found a staircase to the Depths.
 28407 | D:15     | Noticed Nessos
 28419 | D:15     | Killed Nessos
 28465 | D:15     | Lost mutation: You are mostly covered in iridescent scales.
                  | (AC +4) [Jiyva's grace]
 28465 | D:15     | Lost mutation: Your flesh is almost immune to the effects
                  | of heat. (rF+++) [Jiyva's grace]
 28465 | D:15     | Lost mutation: A frigid envelope surrounds you and freezes
                  | all who hurt you. [Jiyva's grace]
 28465 | D:15     | Lost mutation: Your thick and shaggy fur keeps you warm.
                  | (AC +3, rC+) [Jiyva's grace]
 28465 | D:15     | Lost mutation: You are covered in thick fur. (AC +2)
                  | [Jiyva's grace]
 28465 | D:15     | Lost mutation: Armour fits poorly on your pseudopods.
                  | [Jiyva's grace]
 28465 | D:15     | Gained mutation: You passively dampen the noise of your
                  | surroundings. [Jiyva's grace]
 28465 | D:15     | Gained mutation: You have a small jelly attached to you
                  | that senses nearby items. [Jiyva's grace]
 28465 | D:15     | Gained mutation: Your rubbery body absorbs attacks. (AC +1,
                  | EV +1) [Jiyva's grace]
 28465 | D:15     | Gained mutation: Your pliable body absorbs attacks. (AC +2,
                  | EV +2) [Jiyva's grace]
 28953 | D:15     | Reached skill level 8 in Shapeshifting
 29247 | Vaults:1 | Entered Level 1 of the Vaults
 29510 | Vaults:1 | Reached skill level 9 in Shapeshifting
 29834 | Vaults:1 | Lost mutation: Your pliable body absorbs attacks. (AC +2,
                  | EV +2) [Jiyva's grace]
 29834 | Vaults:1 | Lost mutation: Your transparent skin significantly reduces
                  | your foes' accuracy. (Stealth+) [Jiyva's grace]
 29834 | Vaults:1 | Lost mutation: You have a small jelly attached to you that
                  | senses nearby items. [Jiyva's grace]
 29834 | Vaults:1 | Lost mutation: You have a small jelly attached to you that
                  | may absorb projectiles. [Jiyva's grace]
 29834 | Vaults:1 | Gained mutation: You have a pair of small antennae on your
                  | head. [Jiyva's grace]
 29834 | Vaults:1 | Gained mutation: You have a pair of antennae on your head.
                  | [Jiyva's grace]
 29834 | Vaults:1 | Gained mutation: You have a pair of large antennae on your
                  | head. (SInv) [Jiyva's grace]
 29834 | Vaults:1 | Gained mutation: You are covered in slimy tendrils that may
                  | disarm your opponents. [Jiyva's grace]
 30055 | Vaults:1 | Reached skill level 10 in Shapeshifting
 30646 | Vaults:2 | Reached skill level 11 in Shapeshifting
 30987 | Vaults:2 | Lost mutation: You have a pair of large antennae on your
                  | head. (SInv) [Jiyva's grace]
 30987 | Vaults:2 | Lost mutation: You are agile. (Dex +4, Str/Int -1) [Jiyva's
                  | grace]
 30987 | Vaults:2 | Gained mutation: You are somewhat resistant to further
                  | mutation. [Jiyva's grace]
 30987 | Vaults:2 | Gained mutation: You are somewhat resistant to both further
                  | mutation and mutation removal. [Jiyva's grace]
 30987 | Vaults:2 | Gained mutation: You are almost entirely resistant to
                  | further mutation and mutation removal. [Jiyva's grace]
 30987 | Vaults:2 | Gained mutation: You have acidic saliva. [Jiyva's grace]
 31215 | Vaults:2 | Reached XP level 20. HP: 72/157 MP: 0/0
 31242 | Vaults:2 | Reached skill level 12 in Shapeshifting
 31551 | Vaults:2 | Identified the +5 chain mail "Hylimipt" {-Tele Harm rPois
                  | Int+3}
 31917 | Vaults:3 | Reached skill level 13 in Shapeshifting
 31975 | Vaults:3 | Found a runed translucent door.
 31989 | Vaults:3 | Noticed Plog's ghost (veteran CoAr)
 32011 | Vaults:3 | Killed Plog's ghost
 32078 | Vaults:3 | Noticed a curse skull
 32089 | Vaults:3 | Killed a curse skull
 32335 | Vaults:3 | Lost mutation: You are partially covered in iridescent
                  | scales. (AC +2) [Jiyva's grace]
 32335 | Vaults:3 | Lost mutation: You are almost entirely resistant to further
                  | mutation and mutation removal. [Jiyva's grace]
 32335 | Vaults:3 | Lost mutation: You are resistant to electric shocks.
                  | (rElec) [Jiyva's grace]
 32335 | Vaults:3 | Lost mutation: Your rubbery body absorbs attacks. (AC +1,
                  | EV +1) [Jiyva's grace]
 32335 | Vaults:3 | Lost mutation: Your translucent skin reduces your foes'
                  | accuracy. (Stealth+) [Jiyva's grace]
 32335 | Vaults:3 | Gained mutation: You have sharp fingernails. [Jiyva's
                  | grace]
 32335 | Vaults:3 | Gained mutation: You have very sharp fingernails. [Jiyva's
                  | grace]
 32335 | Vaults:3 | Gained mutation: You have claws for hands. [Jiyva's grace]
 32335 | Vaults:3 | Gained mutation: Your mind is acute. (Int +4, Str/Dex -1)
                  | [Jiyva's grace]
 32423 | Vaults:3 | Found a staircase to the Crypt.
 32615 | Vaults:3 | Found Biusaut's Distillery.
 32650 | Vaults:3 | Bought a potion of heal wounds for 90 gold pieces
 32650 | Vaults:3 | Bought a potion of heal wounds for 90 gold pieces
 32861 | Vaults:4 | Reached skill level 14 in Shapeshifting
 33196 | Vaults:4 | Reached skill level 15 in Shapeshifting
 33196 | Vaults:4 | Reached XP level 21. HP: 162/162 MP: 0/0
 33196 | Vaults:4 | Learned a level 8 spell: Discord
 33583 | Vaults:4 | HP: 12/194 [vault warden/+0 great mace (31)]
 33785 | Vaults:4 | Found Seushrenlu's Weapon Shoppe.
 34315 | Depths:1 | Entered Level 1 of the Depths
 34395 | Depths:1 | Identified the ring of Hefon {rF+ rCorr Str+5 Int+3}
 34483 | Depths:1 | Found a runed translucent gate.
 34483 | Depths:1 | Noticed Wyithres's ghost (adept MiFi)
 34485 | Depths:1 | Found a runed translucent gate.
 34489 | Depths:1 | Found a runed translucent gate.
 34535 | Depths:1 | Found a transporter.
 34585 | Depths:1 | Lost mutation: You are somewhat resistant to both further
                  | mutation and mutation removal. [Jiyva's grace]
 34585 | Depths:1 | Lost mutation: You have acidic saliva. [Jiyva's grace]
 34585 | Depths:1 | Lost mutation: You are covered in slimy tendrils that may
                  | disarm your opponents. [Jiyva's grace]
 34585 | Depths:1 | Gained mutation: Armour fits poorly on your pseudopods.
                  | [Jiyva's grace]
 34585 | Depths:1 | Gained mutation: Armour fits poorly on your large
                  | pseudopods. [Jiyva's grace]
 34585 | Depths:1 | Gained mutation: Armour fits poorly on your massive
                  | pseudopods. [Jiyva's grace]
 34585 | Depths:1 | Gained mutation: You have a pair of large antennae on your
                  | head. (SInv) [Jiyva's grace]
 34666 | Depths:1 | Found a transporter.
 34674 | Depths:1 | You are sucked into a shaft and drop 1 floor!
 34689 | Depths:2 | Identified the ring "Vinienomif" {rN+ rCorr Int+3}
 34713 | Depths:2 | Found a transporter.
 34771 | Depths:2 | Reached skill level 16 in Shapeshifting
 34988 | Depths:2 | Found a one-way gate to the infinite horrors of the Abyss.
 35338 | Depths:2 | Noticed a juggernaut
 35561 | Depths:2 | Found a one-way gate leading to the halls of Pandemonium.
 35653 | Depths:2 | Reached skill level 18 in Fighting
 35687 | Depths:2 | Reached skill level 6 in Shields
 36158 | Depths:3 | Reached skill level 15 in Dodging
 36231 | Depths:3 | Found a sparkling altar of Nemelex Xobeh.
 36360 | Depths:3 | Lost mutation: You have claws for hands. [Jiyva's grace]
 36360 | Depths:3 | Lost mutation: Your mind is acute. (Int +4, Str/Dex -1)
                  | [Jiyva's grace]
 36360 | Depths:3 | Lost mutation: Armour fits poorly on your massive
                  | pseudopods. [Jiyva's grace]
 36360 | Depths:3 | Lost mutation: Armour fits poorly on your large pseudopods.
                  | [Jiyva's grace]
 36360 | Depths:3 | Gained mutation: You passively map a small area around you.
                  | [Jiyva's grace]
 36360 | Depths:3 | Gained mutation: You passively map the area around you.
                  | [Jiyva's grace]
 36360 | Depths:3 | Gained mutation: You passively map a large area around you.
                  | [Jiyva's grace]
 36360 | Depths:3 | Gained mutation: Your spells are a little harder to cast,
                  | but a little more powerful. [Jiyva's grace]
 36541 | Depths:3 | Reached skill level 7 in Shields
 36541 | Depths:3 | Reached XP level 22. HP: 169/169 MP: 0/0
 36642 | Depths:3 | Noticed a juggernaut
 36656 | Depths:3 | Killed a juggernaut
 36730 | Depths:3 | Noticed a juggernaut
 36735 | Depths:3 | Killed a juggernaut
 36749 | Depths:3 | Reached skill level 8 in Shields
 37051 | Depths:4 | Entered Level 4 of the Depths
 37199 | Depths:4 | Reached skill level 18 in Spellcasting
 37199 | Depths:4 | Reached skill level 18 in Conjurations
 37199 | Depths:4 | Reached skill level 18 in Hexes
 37199 | Depths:4 | Reached skill level 18 in Summonings
 37199 | Depths:4 | Reached skill level 18 in Necromancy
 37199 | Depths:4 | Reached skill level 18 in Translocations
 37199 | Depths:4 | Reached skill level 18 in Fire Magic
 37199 | Depths:4 | Reached skill level 18 in Ice Magic
 37199 | Depths:4 | Reached skill level 18 in Air Magic
 37199 | Depths:4 | Reached skill level 18 in Earth Magic
 37199 | Depths:4 | Reached skill level 18 in Alchemy
 37329 | Depths:4 | Found a one-way gateway to a ziggurat.
 37366 | Depths:4 | Noticed a caustic shrike
 37366 | Depths:4 | Noticed a caustic shrike
 37366 | Depths:4 | Noticed a caustic shrike
 37373 | Depths:4 | Killed a caustic shrike
 37373 | Depths:4 | Killed a caustic shrike
 37374 | Depths:4 | Reached skill level 19 in Fighting
 37374 | Depths:4 | Reached skill level 9 in Shields
 37376 | Depths:4 | Killed a caustic shrike
 38245 | Depths:4 | Noticed a golden dragon
 38252 | Depths:4 | Killed a golden dragon
 38273 | Depths:4 | Found a gate to the Realm of Zot.
 38769 | Elf:1    | Entered Level 1 of the Elven Halls
 38775 | Elf:1    | Reached skill level 10 in Shields
 38775 | Elf:1    | Reached XP level 23. HP: 178/178 MP: 0/0
 38775 | Elf:1    | Learned a level 8 spell: Lehudib's Crystal Spear
 38837 | Elf:1    | Lost mutation: You passively map a large area around you.
                  | [Jiyva's grace]
 38837 | Elf:1    | Gained mutation: You have acidic saliva. [Jiyva's grace]
 38837 | Elf:1    | Gained mutation: You have claws for hands. [Jiyva's grace]
 38837 | Elf:1    | Gained mutation: You possess an exceptional clarity of
                  | mind. [Jiyva's grace]
 38837 | Elf:1    | Gained mutation: Your melee attacks may engulf your foes in
                  | ooze. [Jiyva's grace]
 38859 | Elf:1    | Found a magical portal.
 38874 | WizLab   | Entered Cigotuvi's Fleshworks
 39344 | WizLab   | Found the +4 Cigotuvi's embrace {Corpsefed rMiasma ^Drain
                  | rN+}
 39447 | WizLab   | Identified the flux talisman of Cadwotae {rElec rPois rF+}
 39720 | Elf:1    | Reached skill level 11 in Shields
 39891 | Elf:1    | Paralysed by an air elemental for 1 turns
 39931 | Elf:1    | Found a huge runed translucent gate.
 39936 | Elf:1    | Found a huge runed translucent gate.
 39936 | Elf:1    | Found a huge runed translucent gate.
 39938 | Elf:1    | Found a huge runed translucent gate.
 39939 | Elf:1    | Found a huge runed translucent gate.
 39939 | Elf:1    | Found a huge runed translucent gate.
 39939 | Elf:1    | Found a huge runed translucent gate.
 39940 | Elf:1    | Found a huge runed translucent gate.
 39940 | Elf:1    | Found a huge runed translucent gate.
 39940 | Elf:1    | Found a huge runed translucent gate.
 39940 | Elf:1    | Found a huge runed translucent gate.
 39940 | Elf:1    | Found a huge runed translucent gate.
 39940 | Elf:1    | Found a huge runed translucent gate.
 39940 | Elf:1    | Found a huge runed translucent gate.
 39940 | Elf:1    | Found a huge runed translucent gate.
 39940 | Elf:1    | Found a huge runed translucent gate.
 39940 | Elf:1    | Found a huge runed translucent gate.
 39940 | Elf:1    | Found a huge runed translucent gate.
 39940 | Elf:1    | Found a huge runed translucent gate.
 39941 | Elf:1    | Found a huge runed translucent gate.
 40087 | Elf:1    | Reached skill level 20 in Fighting
 40178 | Elf:1    | Paralysed by an air elemental for 1 turns
 40256 | Elf:1    | Identified the granite talisman "Pimmuwemm" {Int+2 Dex+2}
 40715 | Elf:2    | Lost mutation: You have claws for hands. [Jiyva's grace]
 40715 | Elf:2    | Lost mutation: You possess an exceptional clarity of mind.
                  | [Jiyva's grace]
 40715 | Elf:2    | Lost mutation: Your spells are a little harder to cast, but
                  | a little more powerful. [Jiyva's grace]
 40715 | Elf:2    | Lost mutation: You have acidic saliva. [Jiyva's grace]
 40715 | Elf:2    | Lost mutation: Armour fits poorly on your pseudopods.
                  | [Jiyva's grace]
 40715 | Elf:2    | Lost mutation: Your translucent skin slightly reduces your
                  | foes' accuracy. (Stealth+) [Jiyva's grace]
 40715 | Elf:2    | Gained mutation: You have acidic saliva. [Jiyva's grace]
 40715 | Elf:2    | Gained mutation: You possess an exceptional clarity of
                  | mind. [Jiyva's grace]
 40715 | Elf:2    | Gained mutation: You are somewhat resistant to both further
                  | mutation and mutation removal. [Jiyva's grace]
 40715 | Elf:2    | Gained mutation: You are almost entirely resistant to
                  | further mutation and mutation removal. [Jiyva's grace]
 40728 | Elf:2    | Found a runed translucent gate.
 40728 | Elf:2    | Found a runed translucent gate.
 40731 | Elf:2    | Found a runed translucent gate.
 40935 | Elf:3    | Entered Level 3 of the Elven Halls
 41083 | Elf:3    | Noticed Donald
 41089 | Elf:3    | Killed Donald
 41257 | Elf:3    | Noticed Mara
 41262 | Elf:3    | Killed Mara
 41263 | Elf:3    | Reached skill level 12 in Shields
 41319 | Elf:3    | Reached skill level 19 in Spellcasting
 41319 | Elf:3    | Reached skill level 19 in Conjurations
 41319 | Elf:3    | Reached skill level 19 in Hexes
 41319 | Elf:3    | Reached skill level 19 in Summonings
 41319 | Elf:3    | Reached skill level 19 in Necromancy
 41319 | Elf:3    | Reached skill level 19 in Translocations
 41319 | Elf:3    | Reached skill level 19 in Fire Magic
 41319 | Elf:3    | Reached skill level 19 in Ice Magic
 41319 | Elf:3    | Reached skill level 19 in Air Magic
 41319 | Elf:3    | Reached skill level 19 in Earth Magic
 41319 | Elf:3    | Reached skill level 19 in Alchemy
 41614 | Elf:3    | Reached XP level 24. HP: 169/188 MP: 0/0
 41648 | Elf:3    | Identified the +0 scale mail of the Earth {rF+ Will+}
 41678 | Elf:3    | Identified the amulet of Elyvilon, Gazing {Faith Regen+
                  | Dex+3}
 41764 | Elf:3    | Identified the +4 falchion of Sharkskin {protect, ^Drain
                  | rElec Will+ Dex+3}
 42586 | Snake:4  | Bought a manual of Fighting for 1520 gold pieces
 43081 | Zot:1    | Entered Level 1 of the Realm of Zot
 43264 | Zot:1    | Lost mutation: You have very sharp fingernails. [Jiyva's
                  | grace]
 43264 | Zot:1    | Lost mutation: You are almost entirely resistant to further
                  | mutation and mutation removal. [Jiyva's grace]
 43264 | Zot:1    | Lost mutation: You passively map the area around you.
                  | [Jiyva's grace]
 43264 | Zot:1    | Lost mutation: You passively map a small area around you.
                  | [Jiyva's grace]
 43264 | Zot:1    | Gained mutation: You are agile. (Dex +4, Str/Int -1)
                  | [Jiyva's grace]
 43264 | Zot:1    | Gained mutation: You are very agile. (Dex +8, Str/Int -2)
                  | [Jiyva's grace]
 43264 | Zot:1    | Gained mutation: Your flesh is almost immune to the effects
                  | of heat. (rF+++) [Jiyva's grace]
 43264 | Zot:1    | Gained mutation: You passively map a small area around you.
                  | [Jiyva's grace]
 43316 | Zot:1    | Noticed a golden dragon
 43320 | Zot:1    | Killed a golden dragon
 43390 | Zot:1    | You are sucked into a shaft and drop 1 floor!
 43434 | Zot:2    | Reached skill level 21 in Fighting
 43438 | Zot:2    | Noticed Vv
 43491 | Zot:2    | Noticed a curse toe
 43495 | Zot:2    | Killed a curse toe
 43522 | Zot:2    | Reached skill level 13 in Shields
 43533 | Zot:2    | Noticed a golden dragon
 43536 | Zot:2    | Killed a golden dragon
 43551 | Zot:2    | Identified the +3 fire dragon scales "Xoqakk" {rF++ rC-
                  | MP+9 Int-3 Dex+8 Stlth-}
 43583 | Zot:2    | Noticed an electric golem
 43591 | Zot:2    | Killed an electric golem
 43778 | Zot:1    | Noticed an orb of fire
 43778 | Zot:1    | Noticed an orb of fire
 43779 | Zot:1    | Noticed an orb of fire
 43783 | Zot:1    | Killed an orb of fire
 43785 | Zot:1    | Lost mutation: You are very agile. (Dex +8, Str/Int -2) [an
                  | orb of fire]
 43786 | Zot:1    | Gained mutation: You are dopey. (Int -2) [an orb of fire]
 43796 | Zot:2    | Killed an orb of fire
 43945 | Zot:1    | Killed an orb of fire
 44764 | Zot:2    | Killed Vv
 44995 | Zot:3    | Lost mutation: You have a pair of large antennae on your
                  | head. (SInv) [Jiyva's grace]
 44995 | Zot:3    | Gained mutation: Your muscles are strong. (Str +4, Int/Dex
                  | -1) [Jiyva's grace]
 44995 | Zot:3    | Gained mutation: Your muscles are very strong. (Str +8,
                  | Int/Dex -2) [Jiyva's grace]
 44995 | Zot:3    | Gained mutation: You have a small jelly attached to you
                  | that may absorb projectiles. [Jiyva's grace]
 44995 | Zot:3    | Gained mutation: Your translucent skin slightly reduces
                  | your foes' accuracy. (Stealth+) [Jiyva's grace]
 45248 | Zot:3    | Noticed a golden dragon
 45266 | Zot:3    | HP: 22/250 [golden dragon (22)]
 45269 | Zot:3    | HP: 4/250 [purple draconian/+0 dire flail[a purple
                  | draconian shifter] (21)]
 45270 | Zot:3    | Slain by a purple draconian

Vanquished Creatures
  3 orbs of fire
  Vv (Zot:2)
  A curse toe (Zot:2)
  A caustic shrike (Depths:4)
  2 golden dragons
  An electric golem (Zot:2)
  Rupert (Lair:4)
  5 tentacled monstrosities
  A deep elf blademaster (Elf:3)
  2 deep elf master archers
  2 sphinxes
  2 death cobs (Zot:2)
  A shadow dragon (Zot:1)
  3 storm dragons
  2 thorn hunters (Swamp:2)
  A draconian monk (Zot:1)
  3 frost giants
  A draconian knight (Zot:2)
  A fire giant (Depths:4)
  2 deep elf elementalists
  A curse skull (Vaults:3)
  2 vault wardens (Vaults:4)
  3 deep elf sorcerers
  An iron dragon (Depths:3)
  A ghost moth (Zot:2)
  A draconian shifter (Zot:2)
  2 ironbound preservers (Vaults:4)
  4 very ugly things
  2 stone giants
  4 draconian annihilators
  An ironbound thunderhulk (Vaults:1)
  2 eleionomae (Swamp:2)
  3 white draconians
  A deep elf demonologist (Elf:3)
  A vampire knight (Vaults:3)
  4 green draconians
  Nessos (D:15)
  3 black draconians
  4 deep elf annihilators
  3 yellow draconians
  2 dire elephants
  3 purple draconians
  2 bunyips (Swamp:2)
  3 spark wasps
  2 red draconians
  2 deep elf death magi (Elf:3)
  2 fire dragons (Depths:4)
  2 crystal guardians (Vaults:1)
  5 vault guards
  2 peacekeepers
  Harold (Lair:1)
  2 rakshasas
  10 hydras
  Erolcha (Orc:1)
  A spriggan air mage (Depths:3)
  2 ice dragons
  2 ghost crabs
  2 boulder beetles
  3 radroaches (WizLab)
  An ogre mage (Orc:1)
  10 two-headed ogres
  2 alligators
  4 ironbound frosthearts
  4 centaur warriors
  7 dancing weapons
  Urug (Lair:2)
  2 deep troll shamans
  5 tengu warriors
  A deep troll earth mage (Depths:4)
  A vampire mage (Depths:2)
  5 death yaks (Lair:4)
  2 occultists
  3 orc high priests (Orc:2)
  2 spriggan berserkers (Depths:3)
  3 hell knights (Depths:2)
  3 naga sharpshooters
  10 deep elf knights
  2 skysharks (Lair:5)
  10 deep elf archers
  4 goliath frogs
  An orb spider (shapeshifter) (WizLab)
  A deep troll (shapeshifter) (WizLab)
  4 arcanists
  3 iron trolls
  2 mana vipers (shapeshifter) (WizLab)
  4 deep trolls
  7 swamp dragons
  6 ironbound convokers
  A sea snake (shapeshifter) (WizLab)
  3 spriggan druids
  4 bog bodies
  A thermic dynamo (Elf:1)
  2 lindwurms
  22 deep elf pyromancers
  16 deep elf zephyrmancers
  An alligator zombie (Swamp:4)
  3 harpies (Vaults:3)
  4 orc sorcerers (Orc:2)
  3 necromancers
  13 orc knights
  18 ugly things
  A wolf spider (shapeshifter) (WizLab)
  A salamander (Snake:2)
  3 cyclopes
  4 will-o-the-wisps
  A moth of wrath (shapeshifter) (WizLab)
  6 moths of wrath
  3 meliai (D:13)
  17 elephants
  3 manticores
  An ice statue (IceCv)
  9 black mambas
  4 kobold blastminers (Orc:2)
  A guardian serpent (shapeshifter) (WizLab)
  12 cane toads
  5 naga magi
  3 vault sentinels
  A gargoyle (D:13)
  5 large abominations (WizLab)
  Maggie (D:8)
  9 komodo dragons
  An unseen horror (D:10)
  3 orange demons (Lair:5)
  2 kobold demonologists
  A freezing wraith (Vaults:3)
  8 yaktaurs
  2 ice devils (Lair:5)
  2 rime drakes
  A red devil (Lair:5)
  6 trolls
  5 polar bears
  2 trolls (shapeshifter) (WizLab)
  4 tyrant leeches
  6 hornets
  A wind drake (shapeshifter) (WizLab)
  6 dream sheep (Lair:5)
  10 blink frogs (Lair:3)
  A snapping turtle (shapeshifter) (WizLab)
  A glass eye (shapeshifter) (WizLab)
  A dream sheep (shapeshifter) (WizLab)
  53 yaks
  Sigmund (D:4)
  5 air elementals
  2 wraiths (D:10)
  9 wyverns
  A yak (shapeshifter) (D:13)
  4 fire elementals
  12 spriggans
  4 vampires
  3 shadows
  4 wargs (Orc:1)
  11 basilisks
  Eustachio (D:4)
  An iron golem (WizLab)
  A redback (Vaults:3)
  3 steam dragons
  13 vampire mosquitoes
  11 swamp worms
  3 acid dragons
  8 nagas
  17 water moccasins
  3 great orb of eyes simulacra (IceCv)
  9 hell hounds
  2 swamp drakes (Swamp:1)
  A sky beast (D:7)
  19 orc warriors
  2 ice beasts
  4 black bears
  A boggart (Vaults:1)
  A crocodile (shapeshifter) (D:15)
  2 laughing skulls (D:13)
  4 ogres
  10 wolves
  8 centaurs
  2 phantoms
  2 nameless horrors
  4 slime creature simulacra (IceCv)
  2 kobold brigands
  6 bullfrogs
  A gnoll sergeant (D:7)
  6 glowing shapeshifter simulacra (IceCv)
  A scorpion (D:7)
  6 small abominations (WizLab)
  5 earth elementals
  13 wights (D:7)
  13 killer bees
  An elephant simulacrum (Lair:2)
  An electric eel (Lair:2)
  A howler monkey (D:10)
  A bombardier beetle (D:4)
  13 orc priests
  4 hounds
  2 gnoll boudas
  3 iguanas
  5 hell rats (Lair:1)
  24 orc wizards
  A shapeshifter simulacrum (IceCv)
  A wolf simulacrum (Lair:2)
  12 gnolls
  5 adders
  3 white imps
  4 ufetubi (D:6)
  A ribbon worm (D:4)
  59 orcs
  4 bats
  2 endoplasms (D:1)
  2 giant cockroaches (D:1)
  9 goblins
  3 hobgoblins
  3 quokkas
  3 ball pythons
  2 frilled lizards
  12 kobolds
  4 rats
  A butterfly (Lair:2)
963 creatures vanquished.

Vanquished Creatures (collateral kills)
  Mara (Elf:3)
  2 juggernauts (Depths:3)
  The ghost of Plog the Evocator, a veteran CoAr of Beogh (Vaults:3)
  2 caustic shrikes (Depths:4)
  A golden dragon (Depths:4)
  A mutant beast (WizLab)
  A bone dragon (Swamp:4)
  2 tentacled monstrosities (Depths:3)
  Mlioglotl (Snake:2)
  A quicksilver dragon (Depths:4)
  2 liches
  A deep elf master archer (Elf:3)
  A deep elf blademaster (Elf:3)
  2 death cobs
  3 sphinxes
  A shadow dragon (Depths:3)
  A thorn hunter (Swamp:3)
  Aizul (Swamp:4)
  Agnes (Snake:3)
  Donald (Elf:3)
  A tengu reaver (Vaults:4)
  2 fenstrider witches
  3 fire giants
  2 frost giants (Depths:3)
  A draconian shifter (Depths:4)
  3 nagarajas (Snake:4)
  2 deep elf sorcerers (Elf:3)
  2 iron dragons (Depths:4)
  A deep elf elementalist (Elf:3)
  3 orc warlords
  The ghost of Jout the Spry, an adept FeEE of Gozag (Swamp:4)
  3 spriggan defenders (Depths:3)
  7 vault wardens
  A draconian stormcaller (Zot:1)
  10 very ugly things
  6 stone giants
  A draconian annihilator (Zot:1)
  4 ironbound thunderhulks
  12 ironbound preservers
  A grey draconian (Depths:4)
  2 green draconians (Depths:4)
  2 deep elf demonologists (Elf:3)
  2 white draconians
  Azrael (D:15)
  2 eleionomae (Swamp:4)
  2 deep elf annihilators (Elf:3)
  2 bunyips (Swamp:4)
  A war gargoyle (Vaults:3)
  4 spark wasps
  4 deep elf death magi (Elf:3)
  3 purple draconians
  4 dire elephants
  A red draconian (Depths:4)
  4 ettins
  A blizzard demon (Depths:4)
  2 deep elf high priests (Elf:3)
  6 fire dragons
  3 entropy weavers
  4 yaktaur captains
  7 vault guards
  4 ice dragons
  2 rakshasas
  4 salamander tyrants (Snake:4)
  A hydra (D:15)
  A ghost crab (Swamp:4)
  A peacekeeper (Vaults:1)
  5 ironbound frosthearts
  A sphinx zombie (Depths:3)
  3 anacondas
  An alligator (Swamp:4)
  7 centaur warriors
  4 dancing weapons
  A boulder beetle (Vaults:3)
  A radroach (WizLab)
  6 tengu warriors
  3 deep troll shamans
  A vampire mage (Depths:4)
  2 deep troll earth magi (Depths:3)
  9 naga sharpshooters
  2 occultists (Depths:2)
  9 naga warriors
  2 spriggan berserkers
  5 shock serpents
  3 hell knights
  3 deep elf knights
  4 iron trolls
  A salamander mystic (Snake:2)
  3 goliath frogs
  8 sea snakes
  A death drake (Swamp:4)
  5 deep elf archers
  An orb spider (shapeshifter) (WizLab)
  26 deep trolls
  2 swamp dragons
  4 mana vipers
  A glowing orange brain (shapeshifter) (Depths:3)
  A swamp dragon (shapeshifter) (D:15)
  2 spectral hydras (Swamp:4)
  An arcanist (Vaults:4)
  15 lindwurms
  3 naga ritualists
  5 bog bodies
  6 ironbound convokers
  A mana viper (shapeshifter) (WizLab)
  A spriggan druid (Swamp:4)
  A thermic dynamo (Elf:3)
  A golden dragon skeleton (Depths:3)
  A tengu zombie (Depths:3)
  9 deep elf pyromancers
  11 deep elf zephyrmancers
  3 phantasmal warriors
  2 necromancers
  4 orc knights
  A spectral alligator (Swamp:4)
  A harpy (Vaults:2)
  An alligator zombie (Swamp:4)
  3 shining eyes (shapeshifter)
  24 ugly things
  A salamander (shapeshifter) (Depths:4)
  A moth of wrath (Zot:1)
  3 will-o-the-wisps (Swamp:4)
  7 salamanders
  A guardian serpent (Snake:2)
  A manticore (D:15)
  An iron dragon skeleton (Depths:3)
  An elephant (shapeshifter) (WizLab)
  A rust devil (Depths:2)
  21 black mambas
  7 vault sentinels
  9 naga magi
  A frost giant skeleton (Depths:3)
  2 large abominations (WizLab)
  A rime drake (Lair:5)
  2 swamp worm zombies (Swamp:4)
  7 yaktaurs
  8 nameless horrors
  3 tengu conjurers
  4 hydra zombies (Swamp:4)
  A bloated husk (Swamp:4)
  A merfolk (shapeshifter) (Depths:3)
  2 hornets (Swamp:4)
  3 tyrant leeches
  4 spectral swamp dragons (Swamp:4)
  2 spriggans (Swamp:4)
  2 wyverns (Depths:4)
  A water elemental (Elf:1)
  A fire elemental (Elf:2)
  A warg (D:15)
  3 tyrant leech zombies (Swamp:4)
  3 redbacks
  35 nagas
  5 swamp worms
  2 swamp dragon zombies (Swamp:4)
  2 laughing skulls (D:15)
  2 orc warriors (D:15)
  8 phantoms (Swamp:4)
  4 electric eels (Snake:3)
  A foxfire (D:4)
549 creatures vanquished.

Vanquished Creatures (others)
  A sphinx (Vaults:3)
  An ironbound thunderhulk (Vaults:4)
  An ironbound preserver (Vaults:4)
  A formless jellyfish (Vaults:2)
  A yaktaur captain (Vaults:4)
  3 great orbs of eyes
  An ice dragon (Depths:4)
  An ironbound frostheart (Vaults:2)
  A spriggan (Swamp:4)
  An arcanist (Vaults:3)
  3 glowing orange brains
  A deep elf pyromancer (Elf:3)
  2 ugly things (Vaults:3)
  3 deep elf zephyrmancers
  A manticore (Vaults:3)
  A moth of wrath (Zot:1)
  A vault sentinel (Vaults:2)
  3 yaktaurs
  A bloated husk (Swamp:4)
  A hornet (Swamp:4)
  6 glass eyes
  12 slime creatures
  A redback (Vaults:1)
  A naga (Snake:4)
  3 great orb of eyes simulacra (IceCv)
  3 boggarts (Vaults:1)
  A centaur (D:12)
  A bullfrog (Lair:2)
  A slime creature simulacrum (IceCv)
  A glowing shapeshifter simulacrum (IceCv)
  2 killer bees (D:8)
  A howler monkey (D:12)
  An electric eel (Elf:3)
  A hound (D:5)
  299 jellies
  An orc priest (Orc:1)
  An iguana (D:5)
  2 orc wizards (Orc:1)
  3 shapeshifter simulacra (IceCv)
  6 gnolls
  A dart slug (D:3)
  12 orcs
  An endoplasm (D:4)
  A giant cockroach (D:2)
  7 goblins
  9 hobgoblins
  11 bats
  14 kobolds
  157 foxfires
589 creatures vanquished.

Grand Total: 2101 creatures vanquished

Table legend: (Time is in decaauts)
 A = Elapsed time spent in this place.
 B = Non-inter-level travel time spent in this place.
 C = Inter-level travel time spent in this place.
 D = Time resting spent in this place.
 E = Time spent auto-exploring this place.
 F = Levels seen in this place.
 G = Mean time per level.
                   A        B        C        D        E       F      G
               +--------+--------+--------+--------+--------+-----+--------+
         Total |  52040 |  47431 |   4609 |   7502 |  21822 |  51 | 1020.4 |
       Dungeon |  13617 |  11921 |   1696 |   1214 |   8464 |  15 |  907.8 |
          Lair |   5780 |   5109 |    671 |    774 |   2917 |   5 | 1156.0 |
         Swamp |   4231 |   4144 |     87 |   1049 |   1211 |   4 | 1057.8 |
     Snake Pit |   4649 |   4137 |    512 |    575 |   1609 |   4 | 1162.2 |
    Slime Pits |    810 |    765 |     45 |      0 |    526 |   5 |  162.0 |
  Orcish Mines |   1270 |   1003 |    267 |     71 |    265 |   2 |  635.0 |
   Elven Halls |   4243 |   4090 |    153 |    553 |   1267 |   3 | 1414.3 |
        Vaults |   6123 |   5739 |    384 |   1080 |   2135 |   4 | 1530.8 |
        Depths |   6718 |   6182 |    536 |    958 |   2337 |   4 | 1679.5 |
           Zot |   3236 |   2981 |    255 |   1052 |    906 |   3 | 1078.7 |
      Ice Cave |    351 |    351 |      0 |     41 |    102 |   1 |  351.0 |
        Wizlab |   1007 |   1007 |      0 |    133 |     82 |   1 | 1007.0 |
               +--------+--------+--------+--------+--------+-----+--------+

Top non-repeatable levels by time:
Depths:4: 2410 daAuts
Vaults:4: 2155 daAuts
Depths:3: 2060 daAuts
   Elf:3: 1909 daAuts
Depths:2: 1637 daAuts
 Swamp:2: 1583 daAuts
  Lair:2: 1535 daAuts
Vaults:1: 1525 daAuts
Vaults:3: 1495 daAuts
   Zot:1: 1485 daAuts
   Zot:2: 1463 daAuts
 Swamp:4: 1447 daAuts
   Elf:1: 1433 daAuts
 Snake:3: 1388 daAuts
     D:7: 1333 daAuts

Table legend:
 A = Non-vault XP
 B = Vault XP
 C = Vault XP percentage of total XP
 D = Non-vault monster count
 E = Vault monster count
 F = Vault count percentage of total count
                 A         B        C        D         E       F
            +---------+---------+-------+---------+---------+-------
      Total |  494929 |  312126 |  38.7 |    1045 |     460 |  30.6
            +---------+---------+-------+---------+---------+-------
        D:1 |      33 |       0 |   0.0 |      21 |       0 |   0.0
        D:2 |      12 |       0 |   0.0 |       8 |       0 |   0.0
        D:3 |       7 |       0 |   0.0 |       6 |       0 |   0.0
        D:4 |     340 |     361 |  51.5 |      13 |       3 |  18.8
        D:5 |     639 |       0 |   0.0 |      14 |       0 |   0.0
        D:6 |     638 |       0 |   0.0 |      25 |       0 |   0.0
        D:7 |    2001 |     122 |   5.7 |      31 |       1 |   3.1
        D:8 |    1719 |     423 |  19.7 |      24 |       2 |   7.7
        D:9 |    2097 |       0 |   0.0 |      19 |       0 |   0.0
       D:10 |    2765 |    2551 |  48.0 |      19 |      10 |  34.5
       D:11 |    3638 |    1222 |  25.1 |      22 |       6 |  21.4
       D:12 |    3589 |     289 |   7.5 |      11 |       6 |  35.3
       D:13 |    7277 |    2111 |  22.5 |      17 |       4 |  19.0
       D:14 |    5882 |    1810 |  23.5 |      16 |       3 |  15.8
       D:15 |   10345 |    5706 |  35.5 |      25 |      11 |  30.6
     Lair:1 |    4531 |     865 |  16.0 |      25 |       1 |   3.8
     Lair:2 |    9080 |    3535 |  28.0 |      32 |       9 |  22.0
     Lair:3 |    9634 |       0 |   0.0 |      31 |       0 |   0.0
     Lair:4 |   12005 |    1860 |  13.4 |      33 |       1 |   2.9
     Lair:5 |   10113 |   10065 |  49.9 |      33 |      24 |  42.1
    Swamp:1 |    9656 |    1633 |  14.5 |      22 |       3 |  12.0
    Swamp:2 |   18364 |    1394 |   7.1 |      30 |       1 |   3.2
    Swamp:3 |    7309 |       0 |   0.0 |      13 |       0 |   0.0
    Swamp:4 |   14615 |   17774 |  54.9 |      26 |      40 |  60.6
    Snake:1 |    7704 |       0 |   0.0 |      18 |       0 |   0.0
    Snake:2 |   18225 |    1704 |   8.6 |      40 |       1 |   2.4
    Snake:3 |    7767 |    6193 |  44.4 |      17 |      13 |  43.3
    Snake:4 |   10984 |   19104 |  63.5 |      20 |      36 |  64.3
      Orc:1 |    6038 |     857 |  12.4 |      23 |       1 |   4.2
      Orc:2 |    2872 |    9435 |  76.7 |      32 |      30 |  48.4
      Elf:1 |   26433 |   12917 |  32.8 |      45 |      18 |  28.6
      Elf:2 |   15999 |    6863 |  30.0 |      26 |      10 |  27.8
      Elf:3 |   11328 |   33431 |  74.7 |      19 |      26 |  57.8
   Vaults:1 |   23680 |   12704 |  34.9 |      32 |      16 |  33.3
   Vaults:2 |   26531 |    9523 |  26.4 |      35 |      13 |  27.1
   Vaults:3 |   12102 |   15163 |  55.6 |      19 |      18 |  48.6
   Vaults:4 |   18228 |   30025 |  62.2 |      25 |      36 |  59.0
   Depths:1 |   10845 |       0 |   0.0 |      15 |       0 |   0.0
   Depths:2 |   28818 |    4620 |  13.8 |      34 |       6 |  15.0
   Depths:3 |   38573 |   25712 |  40.0 |      47 |      19 |  28.8
   Depths:4 |   33309 |   24696 |  42.6 |      32 |      25 |  43.9
      Zot:1 |   25354 |    8883 |  25.9 |      25 |       2 |   7.4
      Zot:2 |   27748 |   10283 |  27.0 |      20 |       3 |  13.0
      Zot:3 |    6102 |       0 |   0.0 |       5 |       0 |   0.0
      IceCv |       0 |    1743 | 100.0 |       0 |      15 | 100.0
     WizLab |       0 |   26549 | 100.0 |       0 |      47 | 100.0
            +---------+---------+-------+---------+---------+-------
